 Dungeon Crawl Stone Soup version 0.32-a0-953-g508020473e (webtiles) character file.

Game seed: 7130227656753738043

3822213 Ge0ff the Crusher (level 27, 319/319 HPs)
             Began as an Octopode Alchemist on Apr 15, 2024.
             Was the Champion of Ashenzari.
             Escaped with the Orb
             ... and 6 runes
             ... and 2 gems on Apr 16, 2024!
             The game lasted 03:33:44 (92448 turns).

Ge0ff the Crusher (Octopode Alchemist)             Turns: 92448, Time: 03:33:45

Health: 319/319    AC: 39    Str: 15    XL:     27
Magic:  82/82      EV: 33    Int: 48    God:    Ashenzari [******]
Gold:   3110       SH: 11    Dex: 31    Spells: 0/80 levels left

rFire   + + +        a - staff of the Bound Sage (curse) {rF+ rN+ rCorr Dex-5 Necro Fire, Sorc, Dev} (curse)
rCold   + . .        i - +2 buckler "Sidereal Visionary" {Bglg, Elem} (curse)
rNeg    + + +        w - +2 hat "Gnostic Chagrin" {rN++ Str+3, Elem, Cun} (curse)
rPois   ∞            Y - amulet "Gaze Upon Infinity" {rPois rC- Regen+ RegenMP+ Dex+9, Sorc, Self} (curse)
rElec   +            L - ring of the Profound Augurer {MP+9 Str+2 Slay+4, Range, Elem} (curse)
rCorr   +            n - ring "Sibylline Failure" {Fire ^Contam Str+3 Int+10, Elem, Bglg} (curse)
SInv    +            Q - ring "Gaze Upon Infinity" {rC++ Str+3 Dex+6, Comp, Elem} (curse)
Will    +++..        p - ring of the Lashed Loss {Fly rN++ rCorr Int+6, Self, Bglg} (curse)
Stlth   ++++         r - ring of the Eye in the Sky {Will+, Cun, Sorc} (curse)
HPRegen 1.53/turn    t - ring of the Manifest Gloom {rElec rF+ rC+ Dex+2 SInv Stlth+, Fort, Comp} (curse)
MPRegen 0.88/turn    Z - ring "Tethered Together" {rF+ EV+5 Dex+3, Self, Elem} (curse)
                     D - ring "Revealing Pragmatism" {rPois rN++ MP+9 Str-4 Dex+3, Fort, Self} (curse)

%: clarity
@: statue-form, flying, studying 7 skills, very slow
A: slow and powerful, torment resistance 1, boosted hp, almost no armour,
amphibious, 8 rings, camouflage 1, (gelatinous body 1), (nimble swimmer 1),
tentacles, clarity, clever 1, high MP 2, robust 1, (shaggy fur 1), electricity
resistance
0: Orb of Zot
}: 6/15 runes: decaying, slimy, silver, icy, abyssal, gossamer
a: Begin Untransformation, Renounce Religion, Shatter the Chains


You escaped.
You worshipped Ashenzari.
Ashenzari was exalted by your worship.
You were a living statue of rough stone.
You visited 15 branches of the dungeon, and saw 65 of its levels.
You visited the Abyss 1 time.
You completed 1 ziggurat, and saw 27 of its levels.
You also visited: Sewer and Wizlab.

You collected 11727 gold pieces.
You spent 8617 gold pieces at shops.

Inventory:

Missiles
 g - 5 throwing nets {=F}
 h - 17 darts of dispersal
 v - 15 curare-tipped darts {=F}
Armour
 i - the cursed +2 buckler "Sidereal Visionary" (worn) {Bglg, Elem}
   (You took it off a deep elf knight on level 2 of the Elven Halls)

   It has a curse which improves the following skills: Beguiling: Hexes and
   Translocations.
   Elements:  Fire Magic, Ice Magic, Air Magic and Earth Magic.
 w - the cursed +2 hat "Gnostic Chagrin" (worn) {rN++ Str+3, Elem, Cun}
   (You acquired it on level 26 of a ziggurat)

   Str+3:     It affects your strength (+3).
   rN++:      It greatly protects you from negative energy.
   It has a curse which improves the following skills: Elements: Fire Magic, Ice
   Magic, Air Magic and Earth Magic.
   Cunning:   Dodging and Stealth.
 A - the +18 shield of the Gong {Loud rN+ Will+ rCorr EV-5}
   (You found it on level 9 of a ziggurat)

   Loud:      It is deafeningly noisy when blocking attacks.
   EV-5:      It affects your evasion (-5).
   rN+:       It protects you from negative energy.
   Will+:     It increases your willpower.
   rCorr:     It protects you from acid and corrosion.
Magical Staves
 a - the cursed staff of the Bound Sage (weapon) {rF+ rN+ rCorr Dex-5 Necro Fire, Sorc, Dev}
   (You took it off a deep elf annihilator on level 3 of the Elven Halls)

   [staff of fire]

   Base accuracy: +5 Base damage: 5 Base attack delay: 1.2 This weapon's minimum
   attack delay (0.6) is reached at skill level 12.
   Dex-5:     It affects your dexterity (-5).
   rF+:       It protects you from fire.
   rN+:       It protects you from negative energy.
   rCorr:     It protects you from acid and corrosion.
   Necro:     It increases the power of your Necromancy spells.
   Fire:      It increases the power of your Fire spells.
   It falls into the 'Staves' category.
   It is a one-tentacled weapon.
   It has a curse which improves the following skills: Sorcery: Conjurations and
   Alchemy.
   Devices:   Evocations and Shapeshifting.
 b - the staff of the Realm of Zot {rElec rC+ Will+ Dex+3 Summ Ice}
   (You took it off a deep elf demonologist on level 3 of the Elven Halls)

   [staff of cold]

   Base accuracy: +5 Base damage: 5 Base attack delay: 1.2 This weapon's minimum
   attack delay (0.6) is reached at skill level 12.
   Dex+3:     It affects your dexterity (+3).
   rC+:       It protects you from cold.
   rElec:     It insulates you from electricity.
   Will+:     It increases your willpower.
   Summ:      It increases the power of your Summonings spells.
   Ice:       It increases the power of your Ice spells.
   It falls into the 'Staves' category.
   It is a one-tentacled weapon.
Jewellery
 n - the cursed ring "Sibylline Failure" (right tentacle) {Fire ^Contam Str+3 Int+10, Elem, Bglg}
   (You found it on level 22 of a ziggurat)

   [ring of fire]

   Fire:      It enhances your fire magic.
   Str+3:     It affects your strength (+3).
   Int+10:    It affects your intelligence (+10).
   rF+:       It protects you from fire.
   rC-:       It makes you vulnerable to cold.
   ^Contam:   It causes magical contamination when unequipped.
   It has a curse which improves the following skills: Elements: Fire Magic, Ice
   Magic, Air Magic and Earth Magic.
   Beguiling: Hexes and Translocations.
 p - the cursed ring of the Lashed Loss (on tentacle) {Fly rN++ rCorr Int+6, Self, Bglg}
   (You found it on level 3 of the Crypt)

   [ring of intelligence]

   Int+6:     It affects your intelligence (+6).
   rN++:      It greatly protects you from negative energy.
   Fly:       It grants you flight.
   rCorr:     It protects you from acid and corrosion.
   It has a curse which improves the following skills: Introspection: Fighting
   and Spellcasting.
   Beguiling: Hexes and Translocations.
 r - the cursed ring of the Eye in the Sky (on tentacle) {Will+, Cun, Sorc}
   (You found it on level 8 of the Dungeon)

   [ring of willpower]

   Will+:     It increases your willpower.
   It has a curse which improves the following skills: Cunning: Dodging and
   Stealth.
   Sorcery:   Conjurations and Alchemy.
 t - the cursed ring of the Manifest Gloom (on tentacle) {rElec rF+ rC+ Dex+2 SInv Stlth+, Fort, Comp}
   (You found it on level 21 of a ziggurat)

   [ring of protection from cold]

   Dex+2:     It affects your dexterity (+2).
   rF+:       It protects you from fire.
   rC+:       It protects you from cold.
   rElec:     It insulates you from electricity.
   SInv:      It lets you see invisible.
   Stlth+:    It makes you more stealthy.
   It has a curse which improves the following skills: Fortitude: Shields.
   Companions: Summonings and Necromancy.
 C - the ring of Xeoff {rPois Will+ Str+2 Int+5 Dex-3}
   (You found it on level 24 of a ziggurat)

   [ring of willpower]

   Str+2:     It affects your strength (+2).
   Int+5:     It affects your intelligence (+5).
   Dex-3:     It affects your dexterity (-3).
   rPois:     It protects you from poison.
   Will+:     It increases your willpower.
 D - the cursed ring "Revealing Pragmatism" (on tentacle) {rPois rN++ MP+9 Str-4 Dex+3, Fort, Self}
   (You found it on level 3 of the Crypt)

   [ring of magical power]

   Str-4:     It affects your strength (-4).
   Dex+3:     It affects your dexterity (+3).
   rPois:     It protects you from poison.
   rN++:      It greatly protects you from negative energy.
   MP+9:      It affects your magic capacity (+9).
   It has a curse which improves the following skills: Fortitude: Shields.
   Introspection: Fighting and Spellcasting.
 L - the cursed ring of the Profound Augurer (left tentacle) {MP+9 Str+2 Slay+4, Range, Elem}
   (You took it off a yaktaur captain on level 4 of the Vaults)

   [ring of slaying]

   Str+2:     It affects your strength (+2).
   Slay+4:    It affects your accuracy & damage with ranged weapons and melee
   (+4).
   MP+9:      It affects your magic capacity (+9).
   It has a curse which improves the following skills: Ranged Combat: Ranged
   Weapons and Throwing.
   Elements:  Fire Magic, Ice Magic, Air Magic and Earth Magic.
 P - the ring "Qiuva" {Fly rN++ Dex+10}
   (You found it on level 3 of the Crypt)

   [ring of flight]

   Dex+10:    It affects your dexterity (+10).
   rN++:      It greatly protects you from negative energy.
   Fly:       It grants you flight.
 Q - the cursed ring "Gaze Upon Infinity" (on tentacle) {rC++ Str+3 Dex+6, Comp, Elem}
   (You found it on level 11 of a ziggurat)

   [ring of dexterity]

   Str+3:     It affects your strength (+3).
   Dex+6:     It affects your dexterity (+6).
   rC++:      It greatly protects you from cold.
   It has a curse which improves the following skills: Companions: Summonings
   and Necromancy.
   Elements:  Fire Magic, Ice Magic, Air Magic and Earth Magic.
 Y - the cursed amulet "Gaze Upon Infinity" (around mantle) {rPois rC- Regen+ RegenMP+ Dex+9, Sorc, Self}
   (You found it on level 5 of the Lair of Beasts)

   [amulet of magic regeneration]

   It increases your rate of magic regeneration.
   Dex+9:     It affects your dexterity (+9).
   rC-:       It makes you vulnerable to cold.
   rPois:     It protects you from poison.
   Regen+:    It increases your rate of health regeneration.
   RegenMP+:  It increases your rate of magic regeneration.
   It has a curse which improves the following skills: Sorcery: Conjurations and
   Alchemy.
   Introspection: Fighting and Spellcasting.
 Z - the cursed ring "Tethered Together" (on tentacle) {rF+ EV+5 Dex+3, Self, Elem}
   (You took it off a deep elf sorcerer on level 3 of the Elven Halls)

   [ring of evasion]

   EV+5:      It affects your evasion (+5).
   Dex+3:     It affects your dexterity (+3).
   rF+:       It protects you from fire.
   It has a curse which improves the following skills: Introspection: Fighting
   and Spellcasting.
   Elements:  Fire Magic, Ice Magic, Air Magic and Earth Magic.
Talismans
 f - a granite talisman (active)
Wands
 d - a wand of digging (63)
 e - a wand of charming (117)
 j - a wand of light (49)
 k - a wand of iceblast (132)
 s - a wand of mindburst (70)
Scrolls
 m - 6 scrolls of revelation
 y - 6 scrolls of immolation
 B - 11 scrolls of blinking
 E - 7 scrolls of fear
 F - 17 scrolls of fog
 J - 12 scrolls of silence {!r}
 S - 2 scrolls of summoning
 T - 22 scrolls of teleportation
 V - 15 scrolls of vulnerability
Potions
 o - 9 potions of ambrosia
 q - 30 potions of curing
 u - 20 potions of mutation {!q}
 z - 3 potions of brilliance
 H - 7 potions of haste {!q}
 I - 5 potions of invisibility
 K - 4 potions of magic {!q}
 M - 7 potions of might
 N - 16 potions of cancellation {!q}
 R - 7 potions of resistance
 W - 12 potions of heal wounds {!q}
 X - 6 potions of enlightenment
Miscellaneous
 c - a condenser vane
 l - a lightning rod (4/4)
 x - a Gell's gravitambourine (inert)
 G - the horn of Geryon (inert)
 O - a sack of spiders (inert)
 U - a phantom mirror (inert)


   Skills:
 - Level 22.0(27) Fighting
 - Level 8.4(11.0) Throwing
 - Level 11.4(15.0) Dodging
 + Level 19.6(22.9) Stealth
 - Level 8.8(12.4) Shields
 O Level 27 Unarmed Combat
 - Level 22.4(27) Spellcasting
 - Level 16.5(21.0) Conjurations
 - Level 5.0(9.5) Hexes
 - Level 7.4(11.1) Necromancy
 - Level 5.8(10.4) Translocations
 - Level 20.3(27) Fire Magic
 - Level 19.6(26.8) Air Magic
 - Level 4.8(11.5) Earth Magic
 - Level 11.5(16.2) Alchemy
 - Level 17.7(20.0) Evocations
 + Level 22.1(24.2) Shapeshifting


You couldn't memorise any spells.
You knew the following spells:

 Your Spells              Type           Power      Damage    Failure   Level
a - Fulsome Fusillade     Conj/Alch      63%        (3-5)d18  1%          8
d - Iskenderun's Mystic   Conj/Tloc      100%       2d19      (+2d10%     4
f - Ignition              Fire           99%        3d25      1%          8
g - Apportation           Tloc           100%       N/A       0%          1
h - Lee's Rapid Deconstr  Erth           54%        3d25*     1%          5
i - Ignite Poison         Fire/Alch      100%       N/A       0%          4
j - Orb of Destruction    Conj           66%        9d16      1%          7
l - Chain Lightning       Conj/Air       69%        3d92      1%          9
m - Plasma Beam           Fire/Air       98%        2x1d118   0%          6
n - Dispel Undead         Necr           100%       3d31      1%          4
r - Olgreb's Toxic Radia  Alch           100%       N/A       0%          4
s - Arcjolt               Conj/Air       69%        1d79      0%          5
w - Passwall              Erth           100%       N/A       0%          3
B - Blink                 Tloc           100%       N/A       0%          2
C - Fireball              Conj/Fire      95%        3d35      0%          5
E - Irradiate             Conj/Alch      63%        3d32      0%          5

Your spell library contained the following spells:

 Spells                   Type           Power      Damage    Failure   Level
 Foxfire                  Conj/Fire      100%       2x1d9     0%          1
 Kiss of Death            Conj/Necr      100%       2d13      0%          1
 Magic Dart               Conj           100%       1d8       0%          1
 Necrotise                Necr           100%       1d9       0%          1
 Sandblast                Erth           100%       2d20      0%          1
 Shock                    Conj/Air       100%       1d9       0%          1
 Sting                    Conj/Alch      100%       1d9       0%          1
 Cigotuvi's Dreadful Rot  Necr/Alch/Air  100%       N/A       0%          2
 Jinxbite                 Hex            100%       N/A       0%          2
 Lesser Beckoning         Tloc           100%       N/A       0%          2
 Mercury Vapours          Alch/Air       100%       N/A       0%          2
 Momentum Strike          Conj/Tloc      100%       3d10      0%          2
 Scorch                   Fire           100%       2d9       0%          2
 Searing Ray              Conj           100%       2d8       0%          2
 Static Discharge         Conj/Air       100%       3-8/arc   0%          2
 Confusing Touch          Hex            100%       N/A       0%          3
 Dazzling Flash           Conj/Hex       100%       N/A       0%          3
 Fugue of the Fallen      Necr           100%       N/A       0%          3
 Hailstorm                Conj/Ice       100%       3d16      0%          3
 Inner Flame              Hex/Fire       100%       N/A       0%          3
 Maxwell's Portable Pile  Tloc           100%       2d(15-43) 0%          3
 Mephitic Cloud           Conj/Alch/Air  100%       N/A       0%          3
 Sigil of Binding         Hex            100%       N/A       0%          3
 Stone Arrow              Conj/Erth      100%       3d13      0%          3
 Swiftness                Air            100%       N/A       0%          3
 Teleport Other           Tloc           100%       N/A       0%          3
 Tukima's Dance           Hex            100%       N/A       0%          3
 Vampiric Draining        Necr           100%       2d13      0%          3
 Volatile Blastmotes      Fire/Tloc      100%       2d18      0%          3
 Airstrike                Air            72%        2d(11-27) 0%          4
 Brom's Barrelling Bould  Conj/Erth      100%       2d11      0%          4
 Flame Wave               Conj/Fire      100%       2d21      0%          4
 Fulminant Prism          Conj/Alch      63%        3d26      0%          4
 Leda's Liquefaction      Alch/Erth      57%        N/A       0%          4
 Petrify                  Alch/Erth      100%       N/A       0%          4
 Sticky Flame             Fire/Alch      100%       2d15      0%          4
 Summon Blazeheart Golem  Fire/Summ      100%       N/A       0%          4
 Summon Lightning Spire   Summ/Air       100%       N/A       0%          4
 Vhi's Electric Charge    Tloc/Air       100%       N/A       0%          4
 Alistair's Intoxication  Alch           80%        N/A       0%          5
 Freezing Cloud           Conj/Ice/Air   61%        6-21      0%          5
 Iskenderun's Battlesphe  Conj           100%       2d15      0%          5
 Silence                  Hex/Air        63%        N/A       0%          5
 Conjure Ball Lightning   Conj/Air       69%        3x3d26    0%          6
 Starburst                Conj/Fire      95%        6d24      0%          6
 Freeze                   Ice            100%       1d10      1%          1
 Summon Small Mammal      Summ           100%       N/A       1%          1
 Call Imp                 Summ           100%       N/A       1%          2
 Ensorcelled Hibernation  Hex/Ice        100%       N/A       1%          2
 Call Canine Familiar     Summ           62%        N/A       1%          3
 Frozen Ramparts          Ice            100%       1d16      1%          3
 Ozocubu's Armour         Ice            66%        N/A       1%          3
 Summon Ice Beast         Ice/Summ       64%        N/A       1%          3
 Anguish                  Hex/Necr       64%        N/A       1%          4
 Animate Dead             Necr           100%       N/A       1%          4
 Cause Fear               Hex            51%        N/A       1%          4
 Dimensional Bullseye     Hex/Tloc       51%        N/A       1%          4
 Martyr's Knell           Necr/Summ      100%       N/A       1%          4
 Passage of Golubria      Tloc           100%       N/A       1%          4
 Borgnjor's Vile Clutch   Necr/Erth      65%        N/A       1%          5
 Curse of Agony           Necr           100%       N/A       1%          5
 Metabolic Englaciation   Hex/Ice        43%        N/A       1%          5
 Summon Mana Viper        Hex/Summ       85%        N/A       1%          5
 Yara's Violent Unravell  Hex/Alch       56%        3d21      1%          5
 Death Channel            Necr           65%        N/A       1%          6
 Dispersal                Tloc           52%        N/A       1%          6
 Eringya's Noxious Bog    Alch           60%        4d6       1%          6
 Gell's Gavotte           Tloc           52%        2d(34-51) 1%          6
 Sculpt Simulacrum        Ice/Alch       49%        N/A       1%          6
 Magnavolt                Erth/Air       64%        3d25      1%          7
 Seismic Cannonade        Alch/Erth      57%        6d18      1%          7
 Lehudib's Crystal Spear  Conj/Erth      61%        10d14     1%          8
 Maxwell's Capacitive Co  Air            72%        ∞         1%          8
 Fire Storm               Conj/Fire      95%        8d24      1%          9
 Permafrost Eruption      Ice/Erth       45%        2x4d10    2%          6
 Manifold Assault         Tloc           52%        N/A       2%          7
 Spellforged Servitor     Conj/Summ      53%        N/A       2%          7
 Enfeeble                 Hex            51%        N/A       3%          7
 Rimeblight               Ice/Necr       55%        2d10      (prim14%    7
 Infestation              Necr           65%        N/A       14%         8
 Haunt                    Necr/Summ      55%        N/A       17%         7
 Malign Gateway           Summ/Tloc      43%        N/A       19%         7
 Disjunction              Tloc           52%        N/A       19%         8
 Summon Cactus Giant      Summ           31%        N/A       26%         6
 Discord                  Hex            51%        N/A       28%         8
 Ozocubu's Refrigeration  Ice            33%        4d14      75%         7
 Monstrous Menagerie      Summ           31%        N/A       82%         7
 Summon Hydra             Summ           31%        N/A       82%         7
 Shatter                  Erth           54%        3d41*     88%         9
 Summon Horrible Things   Summ           31%        N/A       100%        8
 Dragon's Call            Summ           31%        N/A       100%        9
 Polar Vortex             Ice            33%        12d4*     100%        9
 Sublimation of Blood     Necr           Unusable   N/A       N/A         2
 Animate Armour           Summ/Erth      Unusable   N/A       N/A         4

Dungeon Overview and Level Annotations

Branches:
Dungeon (15/15)            Temple (1/1) D:6            Lair (5/5) D:9
  Swamp (4/4) Lair:2       Spider (4/4) Lair:3        Slime (5/5) Lair:4
    Orc (2/2) D:9             Elf (3/3) Orc:2        Vaults (5/5) D:14
  Crypt (3/3) Vaults:2       Tomb (1/3) Crypt:3      Depths (4/4) D:15
   Hell (visited)             Dis (0/7) Hell            Geh (0/7) Hell
    Coc (7/7) Hell            Tar (0/7) Hell            Zot (5/5) Depths:4
  Sewer (visited)          WizLab (visited)

Altars:
Ashenzari
Cheibriados
Dithmenos
Elyvilon
Fedhas
Gozag
Hepliaklqana
Kikubaaqudgha
Makhleb
Nemelex Xobeh
Okawaru
Qazlal
Ru
Sif Muna
Trog
Uskayaw
Vehumet
Wu Jian
Xom
Yredelemnul
Zin
The Shining One
Jiyva

Shops:
D:3 *   D:7 (   D:10 *   D:11 :   D:13 **   Orc:2 :*[([*   Elf:2 (   Elf:3 *

Portals:
Hell: Depths:1 Depths:2 Depths:3 Depths:4
Abyss: Depths:1 Depths:3 Depths:4
Pandemonium: Depths:1 Depths:2 Depths:3

Annotations:
Spider:3 Roxanne


Innate Abilities, Weirdness & Mutations

You are a living statue of rough stone.
Your actions are slow, but your melee attacks are powerful.
You are resistant to unholy torment.
Your maximum health is greatly increased.
You cannot wear most types of armour.
You are amphibious.
You can wear up to eight rings at the same time.
You are immune to poison.
Your skin changes colour to match your surroundings (Stealth+).
((Your rubbery body absorbs attacks. (AC +1, EV +1)))
((You are camouflaged when in or above water. (Stealth+)))
You have tentacles for arms and can constrict up to eight enemies at once.
You possess an exceptional clarity of mind.
Your mind is acute. (Int +4, Str/Dex -1)
You have a considerably increased reservoir of magic. (+20% MP)
You are robust. (+10% HP)
((You are covered in fur. (AC +1)))
You are resistant to electric shocks. (rElec)


Message History

There is a stone staircase leading up here.
You fly upwards.
There is a stone staircase leading down here.
Magic restored.
There is a stone staircase leading up here.
You fly upwards.
There is a stone staircase leading down here.
There is an escape hatch in the ceiling here.
A mysterious force pulls you upwards. The hatch slams shut behind you.
You sense a monster nearby.
There is a stone staircase leading up here.
You fly upwards.
There is a stone staircase leading down here.
A reaper comes into view. It is wielding a +0 antimagic scythe.
Lightning arcs from your tentacles!
The bolt of lightning hits the reaper!!!!
You kill the reaper!
The bolt of lightning hits you. You resist.
Magic restored.
There is a stone staircase leading up here.
You fly upwards.
There is a stone staircase leading down here.
You sense a monster nearby.
You sense a monster nearby.
There is a stone staircase leading up here.
You fly upwards.
There is a stone staircase leading down here.
An Ice Fiend comes into view.
Lightning arcs from your tentacles!
The bolt of lightning hits the Ice Fiend!!!
The Ice Fiend is heavily wounded.
Lightning arcs from your tentacles!
The bolt of lightning hits the Ice Fiend!!!!
You kill the Ice Fiend!
You sense a monster nearby.
You see here a quokka skeleton.
An Orb Guardian comes into view.
Casting: Chain Lightning (mildly dangerous; 1% risk of failure)
Confirm with . or Enter, or press ? or * to list all spells.
Aiming: Passwall (safe; 0% risk of failure)
Press: ? - help, Dir - move target A rock wall.
This square is covered in magical glow.
You begin to meditate on the wall.
You continue meditating on the rock. x2
Magic restored.
The Orb Guardian hits you but does no damage.
You finish merging with the rock.
There is a fountain of clear blue water here.
There is a staircase leading out of the dungeon here.
You have escaped!

#.### ##...## ###÷##
#...# ##'## #.....
###.# #.# #X#.## #.#
#.# #{#..# #.#
##############.# #.#
#...........##.# #.#
##.⌠.⌠.⌠.⌠.⌠.##.# #.#
##.............###
#.####I.≈≈≈≈≈≈≈≈≈≈≈.∩..
#....##.............###
########.⌠.⌠.⌠.⌠.⌠.##
#.#...........#
#.#############
#.{.......# ######{####
#.######### ########
#.........#


There were no monsters in sight!

Vanquished Creatures
  The ghost of Nico3ck the Invulnerable, a legendary DsFi of Gozag (Zig:14)
  the Royal Jelly (Slime:5)
  2 pandemonium lords
  Frederick (Vaults:4)
  Tiamat (Zot:5)
  The ghost of Zycouta the Cloud Mage, a legendary DrSh of Cheibriados (Zig:17)
  5 dread liches
  5 orbs of fire
  The ghost of Gealluifoe the Conqueror, a legendary DrFi of Makhleb (Zig:17)
  The ghost of Qatt the Prince of Secrets, a legendary GnWn of Ashenzari (Zig:14)
  Mara (Spider:4)
  10 ancient liches
  The ghost of Xtruder99 the Invulnerable, a legendary GnFi of Cheibriados (Zig:14)
  A juggernaut (Depths:3)
  The ghost of Konar the Ex Machina, a legendary CoHu of Okawaru (Zig:14)
  16 royal mummies
  The ghost of Diylu the Necromancer, a veteran DsCj of Gozag (Zig:17)
  Sojobo (Vaults:4)
  Vv (Depths:4)
  46 shard shrikes
  The ghost of Fiext the Executioner, a veteran MDFi of Trog (Zig:17)
  10 Killer Klowns
  5 curse toes
  8 caustic shrikes
  Geryon (Hell)
  11 golden dragons
  Jory (Vaults:5)
  A profane servitor (Crypt:3)
  Nikola (Swamp:3)
  Norris (Vaults:4)
  6 pearl dragons (Zig:16)
  A Tzitzimitl (WizLab)
  6 electric golems
  3 bone dragons
  Arachne (Spider:4)
  The ghost of Qeaxauw the Slayer, an adept OnBr of Okawaru (Spider:2)
  8 hellephants
  5 Brimstone Fiends
  4 Hell Sentinels
  7 liches
  22 tentacled monstrosities
  2 walking crystal tomes
  Mlioglotl (Spider:1)
  Rupert (D:14)
  26 Ice Fiends
  27 Orb Guardians
  19 deep elf blademasters
  16 titans
  A quicksilver dragon (shapeshifter) (Zig:27)
  15 deep elf master archers
  6 quicksilver dragons
  14 sphinxes
  18 ancient champions
  8 death cobs
  2 thorn hunters (Swamp:4)
  7 tentacled starspawn
  The ghost of Pah Ziff the Acrobat, an adept FeSh of Jiyva (Crypt:2)
  9 searing wretches (Zig:21)
  32 acid blobs
  The ghost of Picsou the Peltast, an adept MiBe of Trog (Elf:1)
  13 storm dragons
  13 tengu reavers
  13 shadow dragons
  11 rockslimes
  2 fire giants (shapeshifter) (Zig:27)
  15 revenants
  10 protean progenitors
  13 narguns
  2 demonspawn warmongers (Zig:13)
  3 draconian shifters
  21 azure jellies
  A fenstrider witch (Swamp:2)
  15 fire giants
  5 emperor scorpions
  3 draconian knights
  4 daevas (Zig:16)
  21 balrugs
  6 ghost moths
  21 vault wardens
  3 iron dragons
  3 deep elf elementalists (Elf:3)
  3 quicksilver elementals (Zig:12)
  2 draconian scorchers
  10 shard shrike simulacra
  7 deep elf sorcerers
  10 ghouls
  Louise (Swamp:2)
  7 frost giants
  6 angels (Zig:16)
  A caustic shrike zombie (Hell)
  2 juggernaut zombies
  13 curse skulls
  2 cacodemons
  4 reapers
  5 draconian annihilators
  3 formless jellyfish
  19 orc warlords
  19 ironbound preservers
  18 quicksilver oozes
  5 caustic shrike skeletons
  The ghost of Autsider the Frost Mage, a journeyman MfIE of Gozag (Lair:5)
  3 broodmothers
  5 spriggan defenders
  21 stone giants
  15 very ugly things
  5 ophanim (Zig:16)
  A demonspawn corrupter (Zig:15)
  7 green draconians
  2 juggernaut skeletons
  11 ironbound thunderhulks
  6 demonspawn black suns
  9 eleionomae
  9 vampire knights
  3 apis (Zig:16)
  18 deep elf demonologists
  21 elemental wellsprings
  3 purple draconians
  8 black draconians
  15 deep elf annihilators
  5 bunyips
  7 yellow draconians
  8 spark wasps
  18 deep elf death magi
  A lorocyproca (WizLab)
  21 wendigos
  4 bennus
  A minotaur (Lair:5)
  24 dire elephants
  3 white draconians
  4 war gargoyles
  4 red draconians
  13 starcursed masses
  2 iron golems (Hell)
  15 ettins
  2 pearl dragon zombies (Crypt:3)
  17 eidola
  Snorg (D:14)
  A quicksilver dragon zombie (Crypt:3)
  5 shambling mangroves
  2 crystal guardians
  Josephine (D:15)
  2 merfolk javelineers (Zig:10)
  9 fire dragons
  A merfolk impaler (Depths:1)
  3 green deaths
  18 deep elf high priests
  3 entropy weavers
  14 mummy priests
  A blizzard demon (WizLab)
  2 kraken zombies (Hell)
  A spriggan zombie (Crypt:1)
  11 great orbs of eyes
  14 jiangshi
  38 vault guards
  7 rakshasas
  10 yaktaur captains
  3 peacekeepers
  16 hydras
  3 hell beasts
  A radroach (Spider:1)
  17 caustic shrike simulacra
  11 ice dragons
  6 spriggan air magi
  10 alligators
  6 juggernaut simulacra
  A quicksilver dragon skeleton (Hell)
  A salamander tyrant (Zig:21)
  9 ironbound frosthearts
  An ogre mage (D:15)
  An anaconda (Lair:5)
  9 catoblepae
  A jorogumo (Spider:2)
  An anaconda (shapeshifter) (Vaults:5)
  8 death knights
  7 spriggan skeletons
  17 centaur warriors
  A tengu warrior (Depths:3)
  37 dancing weapons
  10 ghost crabs
  2 satyrs (Zig:10)
  7 deep troll shamans
  11 death scarabs
  7 boulder beetles
  3 deep troll earth magi
  12 hell hogs
  9 two-headed ogres
  A titan zombie (Zig:23)
  The ghost of KineticRobot the Grasshopper, a novice CoWr of Beogh (D:8)
  10 death yaks
  7 demonic crawlers
  13 vampire magi
  13 thrashing horrors
  6 occultists
  18 orc high priests
  4 spriggan berserkers
  8 soul eaters
  2 naga sharpshooters (Zig:10)
  14 sun demons
  25 deep elf knights
  8 hell knights
  Nergalle (D:10)
  11 skysharks
  3 crystal echidnas (Zig:12)
  An emperor scorpion zombie (Crypt:1)
  5 titan skeletons (Crypt:3)
  A storm dragon zombie (Zig:23)
  10 wretched stars
  19 iron trolls
  A shadow wraith (Zig:22)
  29 deep elf archers
  2 sixfirhies
  An anaconda zombie (Hell)
  2 spatial maelstroms (Zig:15)
  4 cherubim (Zig:16)
  6 pharaoh ants
  5 goliath frogs
  7 quicksilver dragon simulacra
  2 shadow demons (WizLab)
  10 glowing orange brains
  5 spriggan druids
  8 flayed ghosts
  35 skeletal warriors
  41 deep trolls
  A ghost moth zombie (Crypt:2)
  A tengu zombie (Depths:1)
  12 orb spiders
  A mana viper (shapeshifter) (Vaults:5)
  A naga ritualist (Zig:2)
  5 thermic dynamos
  6 lindwurms
  5 arcanists
  A bunyip skeleton (Crypt:3)
  2 golden dragon skeletons
  15 phantasmal warriors
  4 harpies
  A harpy (shapeshifter) (D:13)
  19 ironbound convokers
  6 necromancers
  3 orange crystal statues
  A steelbarb worm (shapeshifter) (Zig:25)
  15 orc knights
  An anaconda skeleton (Crypt:3)
  40 deep elf pyromancers
  46 deep elf zephyrmancers
  5 obsidian statues
  15 swamp dragons
  9 shining eyes
  2 bog bodies
  2 shining eyes (shapeshifter)
  A salamander (D:15)
  5 steelbarb worms
  A death drake (shapeshifter) (Vaults:5)
  An obsidian bat (Zig:26)
  A frost giant zombie (Depths:1)
  29 ugly things
  29 moths of wrath
  8 cyclopes
  9 manticores
  A fire giant zombie (Crypt:1)
  2 will-o-the-wisps
  19 orc sorcerers
  2 shadow dragon skeletons (Zig:23)
  2 iron dragon skeletons
  A tengu skeleton (Depths:1)
  2 worldbinders
  15 vault sentinels
  9 large abominations
  14 wolf spiders
  4 apis skeletons (Crypt:3)
  A water nymph (shapeshifter) (Vaults:4)
  5 kobold blastminers
  17 elephants
  2 guardian serpents (Zig:2)
  2 rust devils (Hell)
  4 ice statues
  10 black mambas
  7 titan simulacra
  5 molten gargoyles (Hell)
  An orange demon (Depths:4)
  12 smoke demons
  2 elephant slug zombies
  A torpor snail (shapeshifter) (Zig:27)
  3 apocalypse crabs (Zig:27)
  5 eyes of devastation
  3 unseen horrors
  9 torpor snails
  2 eyes of devastation (shapeshifter)
  2 gargoyles
  18 cane toads
  9 hellions
  A storm dragon simulacrum (Crypt:1)
  A cane toad (shapeshifter) (D:15)
  5 rime drakes
  2 naga skeletons (Crypt:3)
  24 yaktaurs
  An efreet (D:15)
  A sea snake zombie (Hell)
  9 tormentors
  13 ice devils
  11 komodo dragons
  7 anaconda simulacra
  17 freezing wraiths
  5 bunyip simulacra (Coc:2)
  2 ancient zymes
  32 guardian mummies
  2 golden dragon simulacra
  A queen bee (shapeshifter) (Elf:1)
  3 tengu conjurers
  Psyche (D:11)
  A merfolk (shapeshifter) (Depths:2)
  2 bloated husks
  2 iron giant simulacra (Coc:5)
  10 trolls
  A harpy zombie (Tomb:1)
  2 pale draconian skeletons
  An unseen horror skeleton (Crypt:1)
  An alligator simulacrum (Hell)
  2 hydra zombies (Hell)
  A wind drake (Zig:11)
  A queen bee (Lair:3)
  A shadow dragon simulacrum (Coc:2)
  9 polar bears
  A tarantella (shapeshifter) (Zig:27)
  10 tyrant leeches
  10 glass eyes
  23 jumping spiders
  22 tarantellas
  A hydra skeleton (Hell)
  20 blink frogs
  3 harpy skeletons (Crypt:3)
  25 hornets
  2 iron dragon simulacra
  An ettin zombie (Crypt:3)
  7 raiju
  6 dream sheep
  A dream sheep (shapeshifter) (Vaults:5)
  3 stone giant simulacra
  A centaur simulacrum (Hell)
  25 culicivoras
  An ettin skeleton (Crypt:3)
  101 slime creatures
  11 air elementals
  3 dire elephant simulacra
  2 vampires (D:12)
  14 spriggans
  3 naga simulacra
  2 shadows
  7 ynoxinuls
  54 yaks
  5 fire elementals
  4 basilisks
  9 water elementals
  13 ushabtiu
  12 wraiths
  A jumping spider (shapeshifter) (Vaults:5)
  7 steam dragons
  17 golden eyes
  63 redbacks
  A death yak simulacrum (Lair:2)
  5 wargs
  17 vampire mosquitoes
  2 neqoxecs (Zig:15)
  5 chaos spawn
  22 swamp worms
  A swamp worm (shapeshifter) (Zig:20)
  A faun zombie (Crypt:2)
  20 harpy simulacra
  2 culicivoras (shapeshifter)
  A glowing shapeshifter zombie (Zig:23)
  8 hell hounds
  4 acid dragons
  A water nymph skeleton (Crypt:3)
  24 water moccasins
  A fire bat skeleton (Crypt:2)
  5 hydra simulacra
  8 swamp drakes
  A glowing shapeshifter skeleton (Zig:23)
  An ice dragon simulacrum (Coc:2)
  A two-headed ogre skeleton (Crypt:1)
  15 laughing skulls
  7 black bears
  Pargi (Sewer)
  55 orc warriors
  2 ice beasts
  A small abomination (Abyss:2)
  4 ettin simulacra
  16 ogres
  6 boggarts
  10 wolves
  5 centaurs
  A manticore skeleton (Crypt:3)
  A hog zombie (Crypt:1)
  A lindwurm skeleton (Crypt:1)
  A hog skeleton (Crypt:2)
  3 weeping skulls (Coc:1)
  4 kobold brigands
  A gnoll sergeant (D:9)
  11 bullfrogs
  4 scorpions
  5 earth elementals
  A two-headed ogre simulacrum (Lair:2)
  16 wights
  43 killer bees
  A polar bear skeleton (Crypt:3)
  6 howler monkeys
  A wolf zombie (Crypt:3)
  3 shapeshifter skeletons
  5 bombardier beetles
  3 hounds
  A jelly (D:6)
  2 gnoll boudas
  31 orc priests
  A black bear zombie (Crypt:2)
  4 sleepcaps
  6 iguanas
  34 orc wizards
  A boggart zombie (Crypt:2)
  3 hell rats (D:9)
  6 spriggan simulacra
  52 mummies
  16 gnolls
  2 river rats (D:9)
  2 steam dragon zombies (Crypt:1)
  2 swamp drake zombies (Crypt:3)
  6 adders
  A shadow imp (D:8)
  4 white imps
  An ufetubus (D:6)
  A dart slug (D:2)
  82 orcs
  5 bats
  10 endoplasms
  6 giant cockroaches
  5 goblins
  5 hobgoblins
  2 jackals (Sewer)
  16 kobolds
  7 quokkas
  A river rat zombie (Crypt:2)
  3 training dummies (D:7)
  4 ball pythons
  A ball python skeleton (Crypt:1)
  A frilled lizard (D:1)
  A rat (D:1)
  8 aspiring fleshes
  3 butterflies
  5 starspawn tentacles
  6 tentacles (Hell)
3633 creatures vanquished.

Vanquished Creatures (collateral kills)
  Antaeus (Coc:7)
  Mennas (Vaults:5)
  A cacodemon (Zig:13)
  A stone giant (Vaults:5)
  A swamp worm (Swamp:4)
5 creatures vanquished.

Vanquished Creatures (others)
  An eldritch tentacle (Zot:4)
  A revenant (Zig:14)
  A shard shrike simulacrum (Coc:6)
  A curse skull (Zig:14)
  A demonspawn blood saint (Zig:13)
  A demonspawn corrupter (Zig:13)
  A fire dragon (Zig:13)
  3 ghost crabs (Zig:14)
  A deep elf knight (Elf:2)
  A large abomination (Zig:13)
  A spriggan simulacrum (Coc:7)
  A phantasmal warrior (Zig:14)
  2 deep elf zephyrmancers (Elf:2)
  A titan simulacrum (Coc:7)
  A red devil (Zig:13)
  A hornet (D:8)
  A harpy simulacrum (Coc:6)
  A water moccasin (Zig:19)
  An ettin simulacrum (Coc:7)
  A centaur (D:8)
  4 foxfires
  3 starspawn tentacles (Abyss:4)
  6 tentacles (Hell)
36 creatures vanquished.

Grand Total: 3674 creatures vanquished

Notes
Turn   | Place    | Note
-------+----------+-------------------------------------------
     0 | D:1      | Ge0ff the Octopode Alchemist began the quest for the Orb.
     0 | D:1      | Reached XP level 1. HP: 11/11 MP: 3/3
   212 | D:1      | Reached XP level 2. HP: 6/17 MP: 0/5
   268 | D:1      | Learned a level 2 spell: Mercury Vapours
   625 | D:1      | Reached skill level 1 in Fighting
  1415 | D:2      | Reached XP level 3. HP: 23/23 MP: 6/6
  1453 | D:2      | Learned a level 3 spell: Mephitic Cloud
  1658 | D:2      | Found a burning altar of Makhleb.
  1759 | D:2      | Reached skill level 1 in Air Magic
  2016 | D:2      | Reached XP level 4. HP: 28/28 MP: 7/7
  2869 | D:2      | Found a burning altar of Makhleb.
  3644 | D:3      | Found Xexko's Assorted Antiques.
  3651 | D:3      | Bought a scroll labelled VEOMPU QOSUSS for 24 gold pieces
  3651 | D:3      | Bought a scroll labelled GOAS FEAKOOZO for 24 gold pieces
  3651 | D:3      | Bought a white potion for 21 gold pieces
  3973 | D:3      | Found a shimmering blue altar of Sif Muna.
  4012 | D:3      | Got Sif Muna's Quarto of Traumaturgy
  4051 | D:3      | Found an opulent altar of Gozag.
  4067 | D:3      | Found a hazy altar of Hepliaklqana.
  4128 | D:3      | Found a glowing golden altar of the Shining One.
  4139 | D:3      | Found a shadowy altar of Dithmenos.
  4195 | D:3      | Found a bloodstained altar of Trog.
  4259 | D:4      | Reached XP level 5. HP: 33/33 MP: 8/8
  4507 | D:4      | Reached XP level 6. HP: 38/38 MP: 10/10
  4556 | D:4      | Learned a level 4 spell: Olgreb's Toxic Radiance
  4874 | D:4      | Reached skill level 5 in Alchemy
  5067 | D:3      | Bought an onyx ring for 120 gold pieces
  5132 | D:5      | Entered Level 5 of the Dungeon
  5176 | D:5      | Found a glowing drain.
  5221 | Sewer    | Entered a sewer
  5302 | Sewer    | Noticed Pargi
  5315 | Sewer    | Killed Pargi
  5316 | Sewer    | Reached XP level 7. HP: 43/43 MP: 6/13
  6068 | D:5      | Reached XP level 8. HP: 48/48 MP: 14/14
  6153 | D:5      | Learned a level 1 spell: Apportation
  6195 | D:5      | Learned a level 4 spell: Sticky Flame
  6421 | D:5      | Reached skill level 1 in Translocations
  6759 | D:6      | Found the +6 shillelagh "Devastator" {shatter}
  6775 | D:6      | Reached skill level 1 in Fire Magic
  7135 | D:6      | Reached skill level 5 in Spellcasting
  7552 | D:6      | Found a staircase to the Ecumenical Temple.
  7555 | D:6      | Found an ornate altar of the Wu Jian Council.
  7585 | Temple   | Entered the Ecumenical Temple
  7608 | Temple   | Became a worshipper of Ashenzari the Shackled
  7804 | D:6      | Reached XP level 9. HP: 15/54 MP: 7/16
  8368 | D:6      | Reached skill level 5 in Fire Magic
  8497 | D:6      | Noticed a cyclops
  8520 | D:6      | Killed a cyclops
  8908 | D:7      | Found Lyporch's Firing Range.
  8983 | D:7      | Reached skill level 10 in Alchemy
  9441 | D:7      | Identified the +1 helmet of Oblivion {rC+ rCorr MP-9 Str+5}
  9456 | D:7      | Reached XP level 10. HP: 63/63 MP: 17/17
  9782 | D:8      | Reached skill level 1 in Throwing
  9782 | D:8      | Reached skill level 1 in Evocations
 10280 | D:8      | Reached * piety under Ashenzari
 10640 | D:8      | Found a white marble altar of Elyvilon.
 10694 | D:8      | Found a runed translucent gate.
 10694 | D:8      | Found a runed translucent gate.
 10694 | D:8      | Found a runed translucent gate.
 10695 | D:8      | Found an opulent altar of Gozag.
 10696 | D:8      | Noticed KineticRobot's ghost (novice CoWr)
 10834 | D:8      | Learned a level 5 spell: Arcjolt
 11259 | D:9      | Found a staircase to the Orcish Mines.
 11271 | D:9      | Noticed a death yak
 11276 | D:9      | Reached skill level 5 in Air Magic
 11276 | D:9      | Reached XP level 11. HP: 42/69 MP: 4/21
 11921 | D:9      | Killed a death yak
 12123 | D:9      | Found a staircase to the Lair.
 12167 | D:9      | Identified a scroll of acquirement
 12481 | D:9      | Found a staircase to the Lair.
 12506 | D:9      | Found a staircase to the Orcish Mines.
 12824 | D:9      | Acquired Hiss's Spellbook of the Iotic Boulder
 12831 | D:9      | Learned a level 4 spell: Ignite Poison
 12860 | D:10     | Entered Level 10 of the Dungeon
 12860 | D:10     | Noticed a two-headed ogre
 12860 | D:10     | Noticed a deep elf pyromancer
 12864 | D:10     | Killed a two-headed ogre
 12974 | D:10     | Killed a deep elf pyromancer
 13080 | D:10     | Noticed a two-headed ogre
 13086 | D:10     | Killed a two-headed ogre
 13222 | D:10     | Reached ** piety under Ashenzari
 13275 | D:10     | Found Hilabotu's Serpentskin Sales.
 13372 | D:10     | Bought a scroll of poison for 64 gold pieces
 14047 | D:10     | Noticed Nergalle
 14053 | D:10     | Killed Nergalle
 14284 | D:11     | Reached XP level 12. HP: 77/77 MP: 0/24
 14484 | D:11     | Noticed Psyche
 14490 | D:11     | Killed Psyche
 14602 | D:11     | Found Qifiep's Vocational Training.
 16122 | D:12     | Reached skill level 5 in Fighting
 16122 | D:12     | Reached skill level 10 in Air Magic
 16542 | D:12     | Learned a level 6 spell: Plasma Beam
 16705 | Orc:1    | Entered Level 1 of the Orcish Mines
 16967 | Orc:2    | Entered Level 2 of the Orcish Mines
 16967 | Orc:2    | Found Opriebru's Antique Armour Shop.
 16967 | Orc:2    | Found a staircase to the Elven Halls.
 17075 | Orc:2    | Found Jioth's Gadget Gallery.
 17532 | Orc:1    | Noticed an orc high priest
 17535 | Orc:1    | Killed an orc high priest
 17733 | Orc:2    | Reached skill level 10 in Fire Magic
 17737 | Orc:2    | Reached XP level 13. HP: 86/86 MP: 17/27
 19444 | Orc:2    | Noticed an orc warlord
 19448 | Orc:2    | Reached skill level 5 in Dodging
 19466 | Orc:2    | Killed an orc warlord
 19972 | Orc:2    | Found Xieptuzaha's General Store.
 19973 | Orc:2    | Found Pojivvemiy's Book Boutique.
 19975 | Orc:2    | Found Tyxeydgh's Antique Armour Boutique.
 19975 | Orc:2    | Found Qupeur Virobb's Antique Weapon Shop.
 20177 | Lair:1   | Entered Level 1 of the Lair of Beasts
 20905 | Lair:1   | Found a radiant altar of Vehumet.
 21387 | Lair:1   | Reached *** piety under Ashenzari
 22206 | Lair:2   | Reached XP level 14. HP: 82/95 MP: 15/28
 22482 | Lair:2   | Learned a level 5 spell: Irradiate
 23663 | Lair:2   | Found a staircase to the Swamp.
 23926 | Lair:3   | Reached **** piety under Ashenzari
 25442 | Lair:3   | Reached skill level 10 in Spellcasting
 25445 | Lair:3   | Reached skill level 1 in Shields
 25690 | Lair:3   | Found a hole to the Spider Nest.
 26872 | Lair:4   | Found a staircase to the Slime Pits.
 26873 | Lair:4   | Found a viscous altar of Jiyva.
 27261 | Lair:5   | Entered Level 5 of the Lair of Beasts
 27664 | Lair:5   | Found a runed translucent gate.
 27664 | Lair:5   | Found a runed translucent gate.
 27664 | Lair:5   | Found a runed translucent gate.
 27702 | Lair:5   | Noticed Autsider's ghost (journeyman MfIE)
 27962 | Lair:5   | Reached XP level 15. HP: 108/108 MP: 22/31
 29879 | Lair:5   | Identified the amulet "Goigaezi" {rPois rC- Regen+ RegenMP+
                  | Dex+9}
 30117 | D:8      | Killed KineticRobot's ghost
 30585 | D:13     | Found Bumy's Mayhem Merchandise.
 31082 | D:13     | Found Kefepoill's Assorted Antiques.
 31582 | D:14     | Noticed Snorg
 31585 | D:14     | Killed Snorg
 31715 | D:14     | Found a gate to the Vaults.
 31727 | D:14     | Noticed Rupert
 31729 | D:14     | Paralysed by Rupert for 5 turns
 31734 | D:14     | Killed Rupert
 31861 | D:14     | Reached XP level 16. HP: 88/116 MP: 1/35
 32163 | D:14     | Reached ***** piety under Ashenzari
 32466 | D:15     | Entered Level 15 of the Dungeon
 32647 | D:15     | Noticed Josephine
 32658 | D:15     | Killed Josephine
 33154 | D:15     | Identified the +8 great sword of Famine {drain, Fly Str+4}
 34007 | D:15     | Found an ornate altar of the Wu Jian Council.
 34157 | D:10     | Bought a ring of poison resistance for 320 gold pieces
 34528 | D:15     | Found a staircase to the Depths.
 34683 | D:15     | Learned a level 4 spell: Iskenderun's Mystic Blast
 34859 | Spider:1 | Entered Level 1 of the Spider Nest
 34862 | Spider:1 | Noticed Mlioglotl
 34873 | Spider:1 | Killed Mlioglotl
 35305 | Spider:1 | Reached skill level 10 in Fighting
 36364 | Spider:2 | Reached skill level 5 in Evocations
 36685 | Spider:2 | Reached XP level 17. HP: 105/124 MP: 37/37
 38441 | Spider:2 | Found a runed translucent door.
 38441 | Spider:2 | Noticed Qeaxauw's ghost (adept OnBr)
 38545 | Spider:2 | Identified the +0 war axe of Esorufuu {flame, Int+2}
 39347 | Spider:3 | Noticed Roxanne
 41953 | Spider:4 | Entered Level 4 of the Spider Nest
 41990 | Spider:4 | Noticed Mara
 41995 | Spider:4 | Killed Mara
 41996 | Spider:4 | Reached skill level 1 in Shapeshifting
 42202 | Spider:4 | Noticed Arachne
 42207 | Spider:4 | Killed Arachne
 43680 | Spider:4 | Reached ****** piety under Ashenzari
 43685 | Spider:4 | Got a gossamer rune of Zot
 43802 | Spider:3 | Learned a level 5 spell: Fireball
 43811 | Spider:3 | Learned a level 8 spell: Ignition
 44232 | Swamp:1  | Entered Level 1 of the Swamp
 44566 | Swamp:1  | Reached XP level 18. HP: 125/134 MP: 37/39
 44692 | Swamp:1  | Reached skill level 15 in Fire Magic
 44717 | Swamp:1  | Reached skill level 15 in Air Magic
 45255 | Swamp:2  | Reached skill level 5 in Shapeshifting
 45418 | Swamp:2  | Noticed Louise
 45420 | Swamp:2  | Noticed a tentacled monstrosity
 45542 | Swamp:2  | Killed Louise
 45547 | Swamp:2  | Killed a tentacled monstrosity
 46206 | Swamp:2  | Reached skill level 10 in Dodging
 46868 | Swamp:3  | Noticed Nikola
 46877 | Swamp:3  | Killed Nikola
 47246 | Swamp:3  | Upgraded the game from 0.32-a0-938-g40ac7a0f4d to
                  | 0.32-a0-953-g508020473e
 47622 | Swamp:4  | Entered Level 4 of the Swamp
 48759 | Swamp:4  | Reached XP level 19. HP: 136/136 MP: 35/38
 48817 | Swamp:4  | Got a decaying rune of Zot
 48843 | Swamp:4  | Reached skill level 10 in Shapeshifting
 49556 | Elf:1    | Entered Level 1 of the Elven Halls
 49656 | Elf:1    | Identified the +8 longbow of Kapafiw {heavy, Will+}
 49658 | Elf:1    | Noticed Picsou's ghost (adept MiBe)
 49669 | Elf:1    | Found a runed translucent gate.
 49669 | Elf:1    | Found a runed translucent gate.
 49669 | Elf:1    | Found a runed translucent gate.
 51178 | Elf:2    | Found Cammum's Weapon Shoppe.
 51546 | Elf:2    | Learned a level 2 spell: Blink
 51564 | Elf:2    | Reached skill level 1 in Unarmed Combat
 51578 | Elf:2    | Found a runed translucent gate.
 51578 | Elf:2    | Found a runed translucent gate.
 51589 | Elf:2    | Found a runed translucent gate.
 52099 | Elf:2    | Reached skill level 2 in Unarmed Combat
 52247 | Elf:2    | Reached skill level 5 in Shields
 52277 | Elf:2    | Reached XP level 20. HP: 145/145 MP: 39/41
 52556 | Elf:3    | Entered Level 3 of the Elven Halls
 52840 | Elf:3    | Found Ypsaenegu's Assorted Antiques.
 52844 | Elf:3    | Bought a potion of ambrosia for 336 gold pieces
 52844 | Elf:3    | Bought a potion of mutation for 336 gold pieces
 53004 | Elf:3    | Reached skill level 3 in Unarmed Combat
 53275 | Elf:3    | Identified the ring "Puecodoa" {rF+ EV+5 Dex+3}
 53277 | Elf:3    | Identified the staff of Cuc Ruas {rF+ rN+ rCorr Dex-5 Necro
                  | Fire}
 53386 | Elf:3    | Reached skill level 4 in Unarmed Combat
 53437 | Elf:3    | Identified the amulet "Ziawaatai" {Faith rN++ Str-2 Int+2}
 53444 | Elf:3    | Identified the staff of the Realm of Zot {rElec rC+ Will+
                  | Dex+3 Summ Ice}
 53490 | Elf:3    | Identified the +5 spear of the Hungering King {freeze,
                  | rElec rC+}
 53490 | Elf:3    | Identified the +0 robe of Shielding {rCorr Int-4 Dex+2}
 53826 | Elf:3    | Identified the Folio of Cinders
 54268 | Vaults:1 | Entered Level 1 of the Vaults
 54340 | Vaults:1 | Reached skill level 10 in Evocations
 54352 | Vaults:1 | Reached skill level 5 in Unarmed Combat
 54931 | Vaults:1 | Reached skill level 6 in Unarmed Combat
 55402 | Vaults:1 | Reached XP level 21. HP: 146/146 MP: 37/41
 55975 | Vaults:2 | Reached skill level 7 in Unarmed Combat
 56477 | Vaults:2 | Reached skill level 15 in Spellcasting
 57029 | Vaults:2 | Found a staircase to the Crypt.
 57087 | Vaults:3 | Reached skill level 8 in Unarmed Combat
 57318 | Vaults:3 | Identified the ring "Egymeo" {rC+ Str+4}
 57450 | Vaults:3 | Identified the +3 morningstar "Toenaps" {freeze, Int+2}
 57543 | Vaults:3 | Reached skill level 5 in Stealth
 58115 | Vaults:3 | Noticed a golden dragon
 58119 | Vaults:3 | Killed a golden dragon
 58650 | Vaults:4 | Noticed an ancient lich
 58650 | Vaults:4 | Identified the orb of Uhuxkugh {*channel, rF+++ Str-4 Dex-5
                  | Fire}
 58650 | Vaults:4 | Noticed Frederick
 58714 | Vaults:4 | Learned a level 4 spell: Dispel Undead
 58735 | Vaults:4 | Identified the serpent talisman "Jug Lau" {rElec Dex-2
                  | Slay+6 SInv}
 58781 | Vaults:4 | Noticed Sojobo
 58788 | Vaults:4 | Paralysed by an air elemental for 1 turns
 58792 | Vaults:4 | Reached skill level 5 in Translocations
 58792 | Vaults:4 | Killed Sojobo
 58793 | Vaults:4 | Reached skill level 9 in Unarmed Combat
 58793 | Vaults:4 | Reached skill level 1 in Necromancy
 58929 | Vaults:4 | Reached XP level 22. HP: 155/155 MP: 27/44
 59042 | Vaults:4 | Killed an ancient lich
 59162 | Vaults:4 | Killed Frederick
 59426 | Vaults:4 | Noticed Norris
 59431 | Vaults:4 | Killed Norris
 59432 | Vaults:4 | Reached skill level 10 in Unarmed Combat
 59665 | Vaults:4 | Identified the +1 robe of Impressiveness {Str+4}
 59665 | Vaults:4 | Identified the ring "Bomibrex" {MP+9 Str+2 Slay+4}
 59745 | Vaults:4 | Noticed a dread lich
 59752 | Vaults:4 | Killed a dread lich
 59809 | Vaults:4 | Identified the +0 mace of Kaemijirirgh {heavy, rPois rN+
                  | Stlth-}
 60094 | Vaults:5 | Entered Level 5 of the Vaults
 60097 | Vaults:5 | Reached skill level 11 in Unarmed Combat
 60104 | Vaults:5 | Noticed a golden dragon
 60107 | Vaults:5 | Noticed an ancient lich
 60110 | Vaults:5 | Killed a golden dragon
 60111 | Vaults:5 | Reached skill level 5 in Necromancy
 60111 | Vaults:5 | Reached skill level 15 in Shapeshifting
 60113 | Vaults:5 | Killed an ancient lich
 60125 | Vaults:5 | Identified the +11 falchion of the Endless Beds {drain, rN+
                  | MP+9 Int+4}
 60134 | Vaults:5 | Got a silver rune of Zot
 60136 | Vaults:5 | Gained mutation: You expend magic power (3 MP) to
                  | strengthen your wands. [mutagenic glow]
 60139 | Vaults:5 | Reached skill level 12 in Unarmed Combat
 60154 | Vaults:5 | Reached XP level 23. HP: 154/161 MP: 22/46
 60245 | Vaults:5 | Noticed a dread lich
 60249 | Vaults:5 | Killed a dread lich
 60515 | Vaults:5 | Reached skill level 13 in Unarmed Combat
 60860 | Vaults:5 | Noticed Jory
 60863 | Vaults:5 | Killed Jory
 60942 | Vaults:5 | Noticed Mennas
 60949 | Vaults:5 | Identified the ring "Noath" {rPois rF+ rN+ Int-2 Slay+4}
 61119 | Vaults:5 | Killed Mennas
 61380 | Vaults:5 | Identified the +5 great sword "Backscratcher" {freeze, rF+
                  | Int+4}
 61380 | Vaults:5 | Identified the +2 leather armour of Ennui {rC+ Str+5}
 61380 | Vaults:5 | Found the +8 longbow "Zephyr" {speed, Dex+3 SInv}
 61380 | Vaults:5 | Identified the +5 hand axe of the Pure Prophets {pain,
                  | rN++}
 61599 | Vaults:5 | Identified the +1 robe "Cyisoep" {-Cast rN+ Dex+3}
 61767 | Vaults:5 | Identified the Catalogue of Generative Coordinates
 61767 | Vaults:5 | Identified the Directory of Summoning and Conjury
 61784 | Vaults:5 | Identified the staff of the First Thickets {rF+ Conj
                  | Alchemy}
 62060 | Crypt:1  | Entered Level 1 of the Crypt
 62195 | Depths:1 | Entered Level 1 of the Depths
 62210 | Depths:1 | Reached skill level 14 in Unarmed Combat
 62294 | Depths:1 | Found a magical portal.
 62303 | WizLab   | Entered Doroklohe's Tomb
 62496 | WizLab   | Reached skill level 15 in Unarmed Combat
 62618 | WizLab   | Acquired 471 gold pieces
 62743 | Depths:1 | Found a one-way gate leading to the halls of Pandemonium.
 62861 | Depths:1 | Found a sacrificial altar of Ru.
 62965 | Depths:1 | Found a gateway to Hell.
 63058 | Depths:1 | Found a one-way gate to the infinite horrors of the Abyss.
 63232 | Depths:1 | Found a sparkling altar of Nemelex Xobeh.
 63291 | Depths:1 | You fall into a shaft and drop 1 floor!
 63326 | Depths:3 | Noticed a juggernaut
 63328 | Depths:3 | Reached XP level 24. HP: 169/169 MP: 24/47
 63332 | Depths:3 | Reached skill level 16 in Unarmed Combat
 63332 | Depths:3 | Killed a juggernaut
 63375 | Depths:4 | Entered Level 4 of the Depths
 63435 | Depths:4 | Paralysed by a vampire knight for 3 turns
 63453 | Depths:4 | Found a gate to the Realm of Zot.
 63462 | Depths:4 | Reached skill level 17 in Unarmed Combat
 63465 | Depths:4 | Got a midnight gem with 1733 turns to spare
 63524 | Depths:4 | Noticed Vv
 63537 | Depths:4 | Killed Vv
 63707 | Depths:4 | Noticed a caustic shrike
 63707 | Depths:4 | Noticed a caustic shrike
 63707 | Depths:4 | Noticed a caustic shrike
 63707 | Depths:4 | Noticed a caustic shrike
 63708 | Depths:4 | Noticed a caustic shrike
 63711 | Depths:4 | Killed a caustic shrike
 63711 | Depths:4 | Killed a caustic shrike
 63711 | Depths:4 | Killed a caustic shrike
 63713 | Depths:4 | Killed a caustic shrike
 63713 | Depths:4 | Killed a caustic shrike
 63976 | Depths:3 | Identified the amulet "Yllef" {Spirit rN+ Will+ SInv}
 64221 | Depths:4 | Reached skill level 18 in Unarmed Combat
 64801 | Depths:3 | Identified the +1 scale mail "Epti" {rC+ Regen+}
 65397 | Depths:2 | Found a one-way gateway to a ziggurat.
 65410 | Depths:2 | Reached XP level 25. HP: 172/172 MP: 14/46
 65555 | Depths:2 | Found a radiant altar of Vehumet.
 66449 | Crypt:2  | You fall into a shaft and drop 1 floor!
 66449 | Crypt:3  | Entered Level 3 of the Crypt
 66548 | Crypt:3  | Reached skill level 19 in Unarmed Combat
 66549 | Crypt:3  | Noticed an ancient lich
 66553 | Crypt:3  | Killed an ancient lich
 66560 | Crypt:3  | Identified the staff of Infinite Pain {rN+ Int+3 Stlth+
                  | Necro}
 66565 | Crypt:3  | Got an ivory gem with 1480 turns to spare
 66599 | Crypt:3  | Noticed an ancient lich
 66610 | Crypt:3  | Killed an ancient lich
 66893 | Crypt:3  | Identified the ring "Qiuva" {Fly rN++ Dex+10}
 66893 | Crypt:3  | Identified the ring "Pytsorr" {Fly rN++ rCorr Int+6}
 66893 | Crypt:3  | Identified the ring of the Komtur {rPois rN++ MP+9 Str-4
                  | Dex+3}
 67493 | Crypt:3  | Found a basalt altar of Yredelemnul.
 67770 | Crypt:3  | Reached skill level 20 in Unarmed Combat
 68189 | Crypt:3  | Found a staircase to the Tomb.
 68868 | Crypt:2  | Found a large runed translucent door.
 68868 | Crypt:2  | Found a large runed translucent door.
 68868 | Crypt:2  | Identified the +1 glaive of Suodd {elec, rElec rN+ MP+9
                  | Str-3}
 68869 | Crypt:2  | Noticed Pah Ziff's ghost (adept FeSh)
 69115 | Crypt:2  | Identified the +1 pair of boots "Seagh" {Int+6 Dex+2}
 69197 | Crypt:2  | Killed Pah Ziff's ghost
 69592 | Crypt:1  | Reached XP level 26. HP: 179/179 MP: 15/46
 69936 | Crypt:1  | Identified the staff of the Equinox {rPois Dex+6 Summ
                  | Alchemy}
 70211 | Tomb:1   | Entered Level 1 of the Tomb of the Ancients
 70449 | Tomb:1   | Noticed a royal mummy
 70458 | Tomb:1   | Killed a royal mummy
 70784 | Tomb:1   | Noticed a royal mummy
 70787 | Tomb:1   | Killed a royal mummy
 70788 | Tomb:1   | Reached skill level 21 in Unarmed Combat
 70813 | Tomb:1   | Noticed a royal mummy
 70976 | Tomb:1   | Killed a royal mummy
 71973 | Lair:5   | Killed Autsider's ghost
 72137 | Spider:2 | Killed Qeaxauw's ghost
 72388 | Elf:1    | Killed Picsou's ghost
 72496 | Orc:2    | Bought a phantom mirror for 560 gold pieces
 72496 | Orc:2    | Bought a wand of charming (6) for 201 gold pieces
 72496 | Orc:2    | Bought a wand of charming (8) for 268 gold pieces
 72566 | Orc:2    | Bought a scroll of revelation for 97 gold pieces
 72566 | Orc:2    | Bought a book of Ice for 650 gold pieces
 72566 | Orc:2    | Bought a wand of charming (5) for 156 gold pieces
 72566 | Orc:2    | Bought a scroll of teleportation for 39 gold pieces
 72567 | Orc:2    | Bought a book of Touch for 308 gold pieces
 72567 | Orc:2    | Bought a book of the Spheres for 896 gold pieces
 72567 | Orc:2    | Bought the Precepts of Earth for 448 gold pieces
 72687 | D:7      | Bought 2 throwing nets for 66 gold pieces
 72687 | D:7      | Bought a throwing net for 33 gold pieces
 72687 | D:7      | Bought 3 darts of dispersal for 29 gold pieces
 72746 | D:10     | Bought 3 curare-tipped darts for 57 gold pieces
 72843 | D:13     | Bought the Unrestrained Analects for 660 gold pieces
 72843 | D:13     | Bought a wand of iceblast (6) for 216 gold pieces
 72910 | D:13     | Bought a sack of spiders for 1200 gold pieces
 72910 | D:13     | Bought a wand of iceblast (4) for 288 gold pieces
 72995 | D:11     | Bought a manual of Evocations for 1200 gold pieces
 73138 | Slime:1  | Entered Level 1 of the Pits of Slime
 74313 | Slime:5  | Entered Level 5 of the Pits of Slime
 74327 | Slime:5  | Reached skill level 15 in Evocations
 74386 | Slime:5  | Noticed the Royal Jelly
 74418 | Slime:4  | Reached skill level 22 in Unarmed Combat
 75471 | Slime:5  | Identified the +5 scale mail "Zeosotus" {rElec rF- rC++}
 75471 | Slime:5  | Identified the +0 war axe of Revolt {venom, rF+++ Str+6
                  | Dex-2}
 75472 | Slime:5  | Identified the +1 rapier of Rierry Ofovu {venom, rPois rF+
                  | rC+ Dex-4}
 75476 | Slime:5  | Identified the amulet "Mexoetz" {Faith rElec Str+2}
 75476 | Slime:5  | Identified the +1 mace of Ruination {venom, rF- Will+ rCorr
                  | Dex+3}
 76695 | Slime:5  | Killed the Royal Jelly
 76732 | Slime:5  | Identified Tisotoil's Compendium of Smouldering Zombies
 76738 | Slime:5  | Identified the +1 leather armour of the Falcon {-Tele rF+
                  | Will+++ Stlth+}
 76746 | Slime:5  | Got a slimy rune of Zot
 76820 | Slime:5  | Identified the staff "Beentuse" {rF+ rC+ Ice Air}
 76924 | Slime:5  | Reached XP level 27. HP: 192/192 MP: 38/49
 77398 | Slime:5  | Learned a level 9 spell: Chain Lightning
 77699 | Zot:1    | Entered Level 1 of the Realm of Zot
 77750 | Zot:1    | Reached skill level 5 in Conjurations
 78337 | Zot:1    | Learned a level 7 spell: Orb of Destruction
 79140 | Zot:2    | Noticed an orb of fire
 79145 | Zot:2    | Gained mutation: You do not regenerate when monsters are
                  | visible. [an orb of fire]
 79148 | Zot:2    | Gained mutation: You are weak. (Str -2) [an orb of fire]
 79149 | Zot:2    | Gained mutation: You are vulnerable to heat. (rF-) [an orb
                  | of fire]
 79152 | Zot:2    | Gained mutation: You are vulnerable to cold. (rC-) [an orb
                  | of fire]
 79154 | Zot:2    | Killed an orb of fire
 79158 | Zot:2    | Lost mutation: You are vulnerable to heat. (rF-) [potion of
                  | mutation]
 79158 | Zot:2    | Lost mutation: You are weak. (Str -2) [potion of mutation]
 79158 | Zot:2    | Gained mutation: You are dopey. (Int -2) [potion of
                  | mutation]
 79159 | Zot:2    | Lost mutation: You expend magic power (3 MP) to strengthen
                  | your wands. [potion of mutation]
 79159 | Zot:2    | Lost mutation: You do not regenerate when monsters are
                  | visible. [potion of mutation]
 79159 | Zot:2    | Gained mutation: Your body sometimes deteriorates upon
                  | taking damage. [potion of mutation]
 79159 | Zot:2    | Gained mutation: You are partially covered in iridescent
                  | scales. (AC +2) [potion of mutation]
 79160 | Zot:2    | Lost mutation: You are dopey. (Int -2) [potion of mutation]
 79160 | Zot:2    | Lost mutation: You are partially covered in iridescent
                  | scales. (AC +2) [potion of mutation]
 79160 | Zot:2    | Gained mutation: You occasionally lose the ability to read
                  | scrolls when taking damage. [potion of mutation]
 79160 | Zot:2    | Gained mutation: You are agile. (Dex +4, Str/Int -1)
                  | [potion of mutation]
 79160 | Zot:2    | Gained mutation: One of your tentacles bears a spike.
                  | [potion of mutation]
 79161 | Zot:2    | Lost mutation: You are agile. (Dex +4, Str/Int -1) [potion
                  | of mutation]
 79161 | Zot:2    | Lost mutation: One of your tentacles bears a spike. [potion
                  | of mutation]
 79161 | Zot:2    | Lost mutation: You occasionally lose the ability to read
                  | scrolls when taking damage. [potion of mutation]
 79161 | Zot:2    | Gained mutation: You are robust. (+10% HP) [potion of
                  | mutation]
 79338 | Zot:2    | Noticed an orb of fire
 79342 | Zot:2    | Gained mutation: Your body often deteriorates upon taking
                  | damage. [an orb of fire]
 79343 | Zot:2    | Killed an orb of fire
 80254 | Zot:3    | Found a transporter.
 80270 | Zot:3    | Found a transporter.
 80307 | Zot:3    | Found a transporter.
 80316 | Zot:3    | Found a transporter.
 80764 | Zot:4    | Reached skill level 10 in Conjurations
 81434 | Zot:4    | Identified the +6 dagger "Useb" {venom, rPois rF+}
 81841 | Zot:5    | Entered Level 5 of the Realm of Zot
 82027 | Zot:5    | Found the +4 dragonskin cloak {Aegis}
 82027 | Zot:5    | Noticed Tiamat
 82036 | Zot:5    | Killed Tiamat
 82687 | Zot:5    | Noticed a dread lich
 82691 | Zot:5    | Killed a dread lich
 82726 | Zot:5    | Noticed an ancient lich
 82729 | Zot:5    | Killed an ancient lich
 82862 | Zot:5    | Noticed an orb of fire
 82918 | Zot:5    | Killed an orb of fire
 83182 | Zot:5    | Reached skill level 15 in Conjurations
 83274 | Zot:5    | Noticed an orb of fire
 83279 | Zot:5    | Killed an orb of fire
 83283 | Zot:5    | Noticed an orb of fire
 83290 | Zot:5    | Noticed a dread lich
 83291 | Zot:5    | Gained mutation: You have hidden genetic potential. [an orb
                  | of fire]
 83292 | Zot:5    | Killed an orb of fire
 83372 | Zot:5    | Noticed an ancient lich
 83377 | Zot:5    | Killed an ancient lich
 83377 | Zot:5    | Killed a dread lich
 83853 | Hell     | Entered the Vestibule of Hell
 83854 | Hell     | Noticed Geryon
 83861 | Hell     | Killed Geryon
 83918 | Depths:4 | Learned a level 3 spell: Passwall
 84018 | Hell     | Found a gateway to the freezing wastes of Cocytus.
 84264 | Hell     | Found a gateway to the ashen valley of Gehenna.
 84391 | Hell     | Found a gateway to the decaying netherworld of Tartarus.
 84523 | Hell     | Found a gateway to the Iron City of Dis.
 84652 | Zig:1    | Entered Level 1 of a ziggurat
 84653 | Zig:1    | Identified the +1 hand axe of Scorn {venom, +Blink rPois
                  | Str+4 Dex-4}
 84698 | Zig:2    | Entered Level 2 of a ziggurat
 84770 | Zig:3    | Entered Level 3 of a ziggurat
 84791 | Zig:4    | Entered Level 4 of a ziggurat
 84815 | Zig:4    | Reached skill level 23 in Unarmed Combat
 84823 | Zig:5    | Entered Level 5 of a ziggurat
 84827 | Zig:5    | Identified the +3 ring mail "Pecriol" {rElec rPois MP-9
                  | Str-5}
 84829 | Zig:5    | Gained mutation: You are clumsy. (Dex -2) [a cacodemon]
 84868 | Zig:6    | Entered Level 6 of a ziggurat
 84923 | Zig:7    | Entered Level 7 of a ziggurat
 84929 | Zig:7    | Identified the +7 quarterstaff of Accord {freeze, Fly
                  | rElec}
 84958 | Zig:8    | Entered Level 8 of a ziggurat
 84963 | Zig:8    | Identified the +6 lajatang of Tyfe {venom, rF- rC+ Dex+3
                  | SInv}
 84964 | Zig:8    | Identified the staff of the Warrior-Mage {rPois Dex+3 SInv
                  | Alchemy}
 84969 | Zig:8    | Identified Sif Muna's Papyrus of Generation
 85015 | Zig:9    | Entered Level 9 of a ziggurat
 85021 | Zig:9    | Found the +10 morningstar "Eos" {elec, Halo rElec}
 85022 | Zig:9    | Noticed a royal mummy
 85025 | Zig:9    | Killed a royal mummy
 85026 | Zig:9    | Noticed a royal mummy
 85030 | Zig:9    | Killed a royal mummy
 85031 | Zig:9    | Reached skill level 24 in Unarmed Combat
 85095 | Zig:9    | Found the +18 shield of the Gong {Loud rN+ Will+ rCorr
                  | EV-5}
 85122 | Zig:10   | Entered Level 10 of a ziggurat
 85211 | Zig:11   | Entered Level 11 of a ziggurat
 85219 | Zig:11   | Paralysed by an air elemental for 1 turns
 85262 | Zig:11   | Identified the ring of Buocuek {rC++ Str+3 Dex+6}
 85265 | Zig:11   | Identified the dragon-blood talisman of the Game Afoot
                  | {Will- rCorr Int+7}
 85303 | Zig:12   | Entered Level 12 of a ziggurat
 85311 | Zig:12   | Found the amulet of the Air {Inacc Air Fly rElec RMsl}
 85320 | Zig:12   | Reached skill level 25 in Unarmed Combat
 85321 | Zig:12   | Identified the ring of Racel {^Drain rCorr Int+2 Dex+6
                  | SInv}
 85326 | Zig:13   | Entered Level 13 of a ziggurat
 85327 | Zig:13   | Gained mutation: You possess an exceptional clarity of
                  | mind. [hidden potential]
 85456 | Zig:13   | Found the +13 sword of the Doom Knight {doom -Cast ^Drain
                  | Will+}
 85459 | Zig:13   | Noticed Seofuuf the pandemonium lord
 85462 | Zig:13   | Identified the ring of Sulicu {Ice rElec rN++ Str+3 Int-5}
 85463 | Zig:13   | Killed Seofuuf the pandemonium lord
 85528 | Zig:14   | Entered Level 14 of a ziggurat
 85538 | Zig:14   | Noticed Konar's ghost (legendary CoHu)
 85538 | Zig:14   | Noticed Qatt's ghost (legendary GnWn)
 85538 | Zig:14   | Identified the +6 scale mail "Xibluracs" {*Slow +Inv rElec
                  | rF-}
 85539 | Zig:14   | Noticed Nico3ck's ghost (legendary DsFi)
 85543 | Zig:14   | Killed Qatt's ghost
 85543 | Zig:14   | Noticed Xtruder99's ghost (legendary GnFi)
 85544 | Zig:14   | Killed Konar's ghost
 85546 | Zig:14   | Identified the +8 plate armour of Syskoaso {rElec Str+3
                  | Int-2 SInv}
 85546 | Zig:14   | Found the +9 staff of Olgreb {rPois∞}
 85547 | Zig:14   | Killed Nico3ck's ghost
 85552 | Zig:14   | Killed Xtruder99's ghost
 85553 | Zig:14   | Reached skill level 26 in Unarmed Combat
 85642 | Zig:15   | Entered Level 15 of a ziggurat
 85690 | Zig:15   | Identified the Omnibus of the Misty Manifold
 85747 | Zig:16   | Entered Level 16 of a ziggurat
 85754 | Zig:16   | Identified the +7 tower shield of Makhleb, Jumping {rElec
                  | rN++ MP+9 Dex+3}
 85757 | Zig:16   | Reached skill level 27 in Unarmed Combat
 85759 | Zig:16   | Identified the +6 tower shield of Okkisef {^Contam Fly
                  | rPois Will+}
 85765 | Zig:16   | Identified the ring "Fesi Soy" {rF+ rC- Str+3 Int+6}
 85766 | Zig:16   | Identified the ring of the Foremost Realms {*Slow Fly rPois
                  | Dex+4 Stlth+}
 85766 | Zig:16   | Identified the +0 morningstar of Cataclysm {spect, *Slow
                  | rCorr Str+6 SInv}
 85767 | Zig:16   | Found the +9 sword of Power {lifebolt}
 85866 | Zig:16   | Lost mutation: Your body often deteriorates upon taking
                  | damage. [potion of mutation]
 85866 | Zig:16   | Lost mutation: You are clumsy. (Dex -2) [potion of
                  | mutation]
 85866 | Zig:16   | Lost mutation: You are vulnerable to cold. (rC-) [potion of
                  | mutation]
 85866 | Zig:16   | Gained mutation: You have an increased reservoir of magic.
                  | (+10% MP) [potion of mutation]
 85866 | Zig:16   | Gained mutation: You have a considerably increased
                  | reservoir of magic. (+20% MP) [potion of mutation]
 85866 | Zig:16   | Lost mutation: Your body sometimes deteriorates upon taking
                  | damage. [potion of mutation]
 85866 | Zig:16   | Gained mutation: You are covered in fur. (AC +1) [potion of
                  | mutation]
 85876 | Zig:17   | Entered Level 17 of a ziggurat
 85881 | Zig:17   | Noticed Diylu's ghost (veteran DsCj)
 85881 | Zig:17   | Noticed Gealluifoe's ghost (legendary DrFi)
 85883 | Zig:17   | Noticed Zycouta's ghost (legendary DrSh)
 85888 | Zig:17   | Killed Diylu's ghost
 85889 | Zig:17   | Killed Zycouta's ghost
 85889 | Zig:17   | Noticed Fiext's ghost (veteran MDFi)
 85895 | Zig:17   | Killed Fiext's ghost
 85898 | Zig:17   | Killed Gealluifoe's ghost
 85899 | Zig:17   | Identified the ring "Gasanio" {rF+ rC- MP+9 Str+3}
 85899 | Zig:17   | Identified the Guide on Akashic Aeromancy
 85901 | Zig:17   | Identified the ring "Waeganad" {rN+ rCorr Int+3}
 85902 | Zig:17   | Identified the ring "Riluidem" {rC+ Dex+5}
 85902 | Zig:17   | Identified the +5 shortbow of the Absolute Madman {freeze,
                  | rF+ Int+3}
 85980 | Zig:17   | Learned a level 5 spell: Lee's Rapid Deconstruction
 85986 | Zig:18   | Entered Level 18 of a ziggurat
 85997 | Zig:18   | Reached skill level 1 in Earth Magic
 85997 | Zig:18   | Gained mutation: You have great hidden genetic potential.
                  | [hidden potential]
 85997 | Zig:18   | Lost mutation: You have great hidden genetic potential.
                  | [hidden potential expressed]
 86087 | Zig:18   | Identified the +12 falchion "Ciesuboe" {elec, rC+ Will+
                  | Int+2 Dex+2}
 86087 | Zig:18   | Identified the Meditations on Ozone and Virulence
 86088 | Zig:18   | Identified the staff of Bankruptcy {Fly rF- Dex+2 Conj
                  | Alchemy}
 86088 | Zig:18   | Identified the +9 short sword of Sunlight {heavy, Fly
                  | rCorr}
 86159 | Zig:19   | Entered Level 19 of a ziggurat
 86180 | Zig:19   | Identified the staff "Kuwipt" {rC+ rN+ Str+4 Conj Necro}
 86182 | Zig:19   | Identified the Handbook of Congregated Anathema
 86275 | Zig:20   | Entered Level 20 of a ziggurat
 86288 | Zig:20   | Noticed an ancient lich
 86288 | Zig:20   | Noticed an ancient lich
 86291 | Zig:20   | Killed an ancient lich
 86291 | Zig:20   | Killed an ancient lich
 86292 | Zig:20   | Noticed an ancient lich
 86292 | Zig:20   | Identified the +8 chain mail of Podafy {+Inv rElec}
 86292 | Zig:20   | Noticed a dread lich
 86293 | Zig:20   | Identified Puipibyn's Directory of the Catalyst and the
                  | Curse
 86295 | Zig:20   | Killed an ancient lich
 86295 | Zig:20   | Killed a dread lich
 86296 | Zig:20   | Identified the Grimoire of Corpses and the Vertex
 86347 | Zig:20   | Reached skill level 5 in Hexes
 86403 | Zig:21   | Entered Level 21 of a ziggurat
 86416 | Zig:21   | Reached skill level 10 in Stealth
 86543 | Zig:21   | Identified the ring of Onup {rElec rF+ rC+ Dex+2 SInv
                  | Stlth+}
 86543 | Zig:21   | Identified the +1 pair of boots of Valour {rN++}
 86543 | Zig:21   | Identified the +11 shortbow of the Solemn God {elec, *Slow
                  | rCorr Dex-4 Stlth+}
 86544 | Zig:21   | Identified the ring of Ephemeral Luck {Fly rN+++ Str+6}
 86545 | Zig:21   | Identified the ring "Tenibuo" {rElec rC++ rCorr}
 86546 | Zig:21   | Identified the staff of Patterns {rN+ Dex+4 Necro}
 86637 | Zig:22   | Entered Level 22 of a ziggurat
 86658 | Zig:22   | Gained mutation: You are resistant to electric shocks.
                  | (rElec) [hidden potential]
 86664 | Zig:22   | Noticed an ancient lich
 86664 | Zig:22   | Identified the ring of Bexte {Fire ^Contam Str+3 Int+10}
 86664 | Zig:22   | Identified the quicksilver dragon scales "Wuwk" {Will+
                  | Str-4 Dex+6}
 86664 | Zig:22   | Identified the +6 battleaxe of the Ecumenical Temple
                  | {spect, rC+ Stlth+}
 86664 | Zig:22   | Identified the Elucidation of Convocation
 86666 | Zig:22   | Killed an ancient lich
 86837 | Zig:23   | Entered Level 23 of a ziggurat
 86842 | Zig:23   | Noticed a royal mummy
 86843 | Zig:23   | Noticed a royal mummy
 86846 | Zig:23   | Killed a royal mummy
 86849 | Zig:23   | Killed a royal mummy
 86849 | Zig:23   | Noticed a royal mummy
 86849 | Zig:23   | Noticed a royal mummy
 86849 | Zig:23   | Noticed a royal mummy
 86851 | Zig:23   | Killed a royal mummy
 86851 | Zig:23   | Noticed a royal mummy
 86852 | Zig:23   | Killed a royal mummy
 86852 | Zig:23   | Noticed a royal mummy
 86853 | Zig:23   | Reached skill level 15 in Fighting
 86853 | Zig:23   | Killed a royal mummy
 86854 | Zig:23   | Noticed a royal mummy
 86854 | Zig:23   | Noticed a royal mummy
 86857 | Zig:23   | Killed a royal mummy
 86857 | Zig:23   | Killed a royal mummy
 86857 | Zig:23   | Killed a royal mummy
 86857 | Zig:23   | HP: 6/287 [something (19)]
 86858 | Zig:23   | Identified the Incunable of Fettered Azoth
 86858 | Zig:23   | Identified the staff of Temperance {Dex+2 Conj}
 86864 | Zig:23   | Noticed a royal mummy
 86865 | Zig:23   | Noticed a royal mummy
 86867 | Zig:23   | Killed a royal mummy
 86868 | Zig:23   | Killed a royal mummy
 86869 | Zig:23   | Killed a royal mummy
 86964 | Zig:23   | Identified the +1 shortbow of Res Ipsa Loquitur {antimagic,
                  | ^Contam rC+ Int+3}
 86964 | Zig:23   | Identified the Cyclopedia of Viridian Frostbite
 86965 | Zig:23   | Identified the +0 pair of gloves "Receresk" {*Slow Will+
                  | Int+4}
 86970 | Zig:23   | Identified the +9 sling of Pestilence {antimagic, Str+3
                  | Int+5}
 87044 | Zig:24   | Entered Level 24 of a ziggurat
 87061 | Zig:24   | Identified Sif Muna's Compendium of the Feculent Iceberg
 87069 | Zig:24   | Gained mutation: Your mind is acute. (Int +4, Str/Dex -1)
                  | [hidden potential]
 87069 | Zig:24   | Lost mutation: You have hidden genetic potential. [hidden
                  | potential expressed]
 87143 | Zig:24   | Identified Epiav's Book of Consolidated Bodies
 87174 | Zig:24   | Identified the ring of Xeoff {rPois Will+ Str+2 Int+5
                  | Dex-3}
 87271 | Zig:25   | Entered Level 25 of a ziggurat
 87279 | Zig:25   | Paralysed by an air elemental for 1 turns
 87280 | Zig:25   | Identified the +5 sling of Exoneration {heavy, ^Drain rCorr
                  | Int+4}
 87280 | Zig:25   | Identified the Encyclopedia of Arsenical Congelation
 87280 | Zig:25   | Identified the Verses on the Arctic Necropsy
 87280 | Zig:25   | Identified the +3 spear "Udwaij" {flame, rF+ Int+4}
 87280 | Zig:25   | Identified the amulet "Xuppyapy" {Spirit Int+4}
 87280 | Zig:25   | Identified the +0 leather armour of Cuyni {Will+}
 87440 | Zig:26   | Entered Level 26 of a ziggurat
 87459 | Zig:26   | Identified the +9 war axe "Ciump" {flame, rElec}
 87459 | Zig:26   | Identified the +5 mace of Eminent Domain {drain, rF+ Int+3}
 87459 | Zig:26   | Identified the Reference Book on Calling
 87460 | Zig:26   | Identified the +4 longbow of Bestreen {freeze, Str+2 Dex+3}
 87460 | Zig:26   | Identified the +8 long sword "Xitut" {vamp, rElec rPois
                  | Int-2 Dex-5 Stlth+}
 87469 | Zig:26   | Acquired the +2 hat of Uwkao {rN++ Str+3}
 87589 | Zig:27   | Entered Level 27 of a ziggurat
 87595 | Zig:27   | Noticed Ylyugud the pandemonium lord
 87596 | Zig:27   | Noticed Xoehism the pandemonium lord
 87597 | Zig:27   | Noticed Geatiuda the pandemonium lord
 87598 | Zig:27   | Noticed Dofodgh the pandemonium lord
 87598 | Zig:27   | Noticed Cushy the pandemonium lord
 87598 | Zig:27   | Noticed Farykima the pandemonium lord
 87598 | Zig:27   | Noticed Laeb the pandemonium lord
 87600 | Zig:27   | Noticed Beklawus the pandemonium lord
 87600 | Zig:27   | Noticed Ofyhutess the pandemonium lord
 87600 | Zig:27   | Noticed Xetu the pandemonium lord
 87600 | Zig:27   | Noticed Tobrueg the pandemonium lord
 87600 | Zig:27   | Noticed Enaociabu the pandemonium lord
 87600 | Zig:27   | Noticed Soikikere the pandemonium lord
 87600 | Zig:27   | Noticed Musukac the pandemonium lord
 87600 | Zig:27   | Noticed Anacreklosu the pandemonium lord
 87600 | Zig:27   | Noticed Jaryp the pandemonium lord
 87601 | Zig:27   | Identified the Tractate on Charming Spectres
 87602 | Zig:27   | Noticed Ytru the pandemonium lord
 87602 | Zig:27   | Noticed Xequvin the pandemonium lord
 87602 | Zig:27   | Noticed Ozueruef the pandemonium lord
 87602 | Zig:27   | Identified the Omnibus of the Manifold and Decomposition
 87602 | Zig:27   | Identified the +0 scale mail of Duck's Teeth {Fly rC+
                  | Regen+}
 87602 | Zig:27   | Identified the +8 mace of Reqorph {speed, Int+3}
 87715 | Depths:1 | Voluntarily entered the Abyss.
 87736 | Abyss:2  | Found a corrupted altar of Lugonu.
 87744 | Abyss:2  | Found a corrupted altar of Lugonu.
 87845 | Abyss:4  | Found a corrupted altar of Lugonu.
 87889 | Abyss:4  | Got an abyssal rune of Zot
 87922 | Abyss:5  | Reached skill level 15 in Stealth
 87926 | Depths:1 | Escaped the Abyss
 88050 | Coc:1    | Entered Level 1 of Cocytus
 89175 | Coc:4    | Paralysed by a wendigo for 1 turns
 89192 | Coc:4    | Paralysed by a wendigo for 1 turns
 90093 | Coc:7    | Entered Level 7 of Cocytus
 90124 | Coc:7    | Paralysed by a wendigo for 1 turns
 90197 | Coc:7    | Learned a level 8 spell: Fulsome Fusillade
 90435 | Coc:7    | Paralysed by a wendigo for 1 turns
 90684 | Coc:7    | Identified the Elucidation of Viperous Sidekicks
 90684 | Coc:7    | Identified the +1 pair of boots "Ymefupria" {Fly rCorr
                  | Dex-5 SInv}
 91580 | Coc:7    | Noticed Antaeus
 91612 | Coc:7    | Killed Antaeus
 91643 | Coc:7    | Got an icy rune of Zot
 92015 | Zot:5    | Got the Orb of Zot
 92030 | Zot:5    | Noticed Miduzxa the pandemonium lord
 92030 | Zot:5    | Noticed an ancient lich
 92131 | Zot:1    | Noticed Reoseev the pandemonium lord
 92133 | Zot:1    | Killed Reoseev the pandemonium lord
 92448 | D:$      | Escaped with the Orb!

Illustrated notes

Levels and vault maps discovered:
D:1:      mainiacjoe_arrival_reflecting_pool, layout_loops_corners
D:2:      layout_loops_cross, basic_altar, kennysheep_minor_cross,
          hangedman_decor_growths
D:3:      layout_basic, nzn_overflow_gifts_of_might_and_magic,
          nicolae_overflow_quartered_altars, serial_shops,
          nicolae_shop_just_a_little_nook
D:4:      layout_basic
D:5:      layout_cave_pods, gup_sewer_entry_glass
D:6:      minmay_chambers_of_sixes, layout_basic, lemuel_crystal_altar,
          minmay_temple_entry_butterflies, dilly_guarded_unrand_devastator
D:7:      layout_rooms, corexii_hall_statues_s, nicolae_shop_firing_range
D:8:      nicolae_cairo_tiling_large_dashed, layout_rooms, old_standard_altar,
          ebering_ghost_gozag, kennysheep_generic_room_16
D:9:      layout_long_grid, dpeg_lair_monsters,
          kennysheep_orc_monster_closet_entryway
D:10:     layout_rooms, guppyfry_shop_venom, uniq_nergalle
D:11:     layout_rooms, nicolae_shop_vocational, uniq_psyche
D:12:     layout_roguey
D:13:     layout_cave_pods, serial_shops, shop, minmay_shop_mayhem
D:14:     layout_basic, erik_vaults_2, corexii_corridor_pit, uniq_rupert,
          uniq_snorg
D:15:     hangedman_depths_entry_try_elsewhere_first, layout_stronghold,
          pdpol_wu_jian_five_deadly_venoms, uniq_josephine
Temple:   minmay_temple_curvy_branch
Lair:1:   layout_small_grid, basic_altar, serial_forest,
          infiniplex_forest_straight_2, infiniplex_forest_clump_small,
          infiniplex_forest_clump_diagonal, infiniplex_forest_clump_C,
          infiniplex_forest_clump_C, chequers_serial_rivers_small_b,
          st_stairs_8, lemuel_fruit_tree
Lair:2:   dreamdust_isle_of_ice, layout_big_grid, palyth_hydra_swamp_entry
Lair:3:   layout_loops_ring, nicolae_spider_entry_lesser_pyramids, special_room
          [special_room_bee], lemuel_fruit_fields
Lair:4:   layout_regular_city, slime_entry_1
Lair:5:   evilmike_catoblepas_cave, layout_hall_layers,
          maelrawn_ghost_gauntlet_escape, grunt_forest_large_clearings
Swamp:1:  layout_basic_swamp, nicolae_swamp_dense_foliage, swamp_pool_1_2
Swamp:2:  nicolae_swamp_wrong_neighborhood, layout_falls_marsh,
          evilmike_swamp_ruin_house_4, uniq_louise
Swamp:3:  layout_basic_swamp, evilmike_swamp_ruin_house_1, swamp_pool_1_2,
          uniq_nikola
Swamp:4:  swamp_alternative, layout_basic_swamp
Spider:1: layout_spider_delve, uniq_mlioglotl
Spider:2: layout_spider_delve, hellmonk_ghost_happy_afterlife,
          nicolae_spider_twisty_arc_passages
Spider:3: layout_spider_delve, uniq_roxanne
Spider:4: spider_rune_water, uniq_mara, uniq_arachne
Slime:1:  layout_caves
Slime:2:  layout_caves, cheibrodos_slime_lost_civilization_4
Slime:3:  layout_caves
Slime:4:  cheibrodos_slime_lost_civilization_3, layout_caves
Slime:5:  slime_pit_nicolae_amoeboid
Orc:1:    layout_diamond_mine, special_room [special_room_orc]
Orc:2:    st_orc_congregation, layout_diamond_mine, serial_shops,
          nicolae_shop_tiny_statue_garden, nicolae_shop_gadgets
Elf:1:    eino_elf_arrival_customs, layout_gridlike, gammafunk_ghost_split,
          minmay_elf_crystal_heptagon
Elf:2:    nicolae_elf_blades_splatter_lattice [nicolae_blade_entry_pointy_end],
          layout_loops_cross, serial_shops, nicolae_shop_crystal,
          grunt_ministairs_4, hangedman_glass_teeth
Elf:3:    minmay_elf_hall_golems, layout_geoelf_diagonals, serial_shops,
          nicolae_shop_trees, nicolae_elf_stone_circles
Vaults:1: nicolae_vaults_network_s, v_misc_29, v_misc_16, v_misc_12,
          nicolae_vaults_sesquioval_fish, nicolae_vaults_tangram_2,
          ontoclasm_vaults_twist, layout_vaults_omnigrid
Vaults:2: v_pattern_5, minmay_crypt_entry_simple_sparse,
          nicolae_vaults_triangles, nicolae_vaults_network_quinsquares
          [nicolae_vaults_network_quincunx_subvault,
          nicolae_vaults_network_quincunx_subvault,
          nicolae_vaults_network_quincunx_subvault,
          nicolae_vaults_network_quincunx_subvault], nicolae_vaults_arrows,
          nicolae_vaults_weapon_check, grunt_vaults_funnel,
          vaults_room_fancy_cross, nicolae_vaults_double_plus_2,
          v_alt_pattern_3, layout_vaults_omnibox
Vaults:3: hangedman_vaults_capsules, vaults_dpeg_ring,
          nicolae_vaults_tetromino_T_1, nicolae_vaults_big_ls, v_misc_23,
          nicolae_vaults_heist, dpeg_vaults_monster_row,
          hangedman_vaults_corner_blocks, nicolae_vaults_storage_room_water,
          vaults_dpeg_doors, nicolae_vaults_closet_pinwheel_1, v_alt_pattern_3,
          hangedman_vaults_trim, nicolae_vaults_trapezoid_lopsided_1,
          vaults_room_pool, layout_vaults_ring
Vaults:4: v_alt_pattern_3, nicolae_vaults_frosty_reception,
          nicolae_vaults_network_barrier, nicolae_vaults_network_square,
          ontoclasm_vaults_idyll, nicolae_vaults_storing_the_good_stuff,
          hangedman_vaults_trim, nicolae_vaults_turnstiles,
          nicolae_vaults_offset_grid_hallway_3, v_rooms_2,
          nicolae_vaults_double_plus_2, vaults_mumra_lcd,
          nicolae_vaults_variable_pillar_hall, ontoclasm_vaults_decontamination,
          grunt_vaults_hallway_short, layout_vaults_omnicross, uniq_norris,
          uniq_sojobo, uniq_frederick
Vaults:5: uniq_jory, uniq_mennas
Crypt:1:  layout_gridlike, small_chamber_with_monster
Crypt:2:  layout_chaotic_city, ebering_ghost_disaster_area
Crypt:3:  due_elkab, layout_chaotic_city, tomb_entry_shell_bobbens, minivault_5,
          hangedman_blasphemy
Tomb:1
Depths:1: layout_cave_pools, mu_enter_wizlab_3, pan_entry, pf_coc_iceberg,
          regret_index_abyss_entry_earlier_magic, hangedman_ru_absence,
          nemelex_diamond_rough_becter
Depths:2: nicolae_moon_pools, layout_gridville, enter_ziggurat_f,
          grunt_pan_entry_spiral, hangedman_geh_valley,
          nicolae_vehumet_altar_sigil, infiniplex_staircase_pool_2
Depths:3: minmay_the_grid_octo_tiled_octocenter_mashed
          [minmay_the_grid_octo_fat_diamond, minmay_the_grid_octo_checkerflower,
          minmay_the_grid_octo_horde, minmay_the_grid_octo_pinwheel,
          minmay_the_grid_octo_prize_ultimate_mussel_roller,
          minmay_the_grid_square_5x5_lines,
          minmay_the_grid_square_5x5_pentomino_r,
          minmay_the_grid_square_5x5_comb,
          minmay_the_grid_square_5x5_two_walls_b], layout_twisted_cross,
          hell_entry, hangedman_abyss_entry_splay,
          serial_library_hellmonk_room_c, rand_demon_pan_entry_3,
          infiniplex_staircase_zigzag_2, uniq_josephina
Depths:4: grunt_zot_entry_bicorn, layout_basic, abyss_entry,
          kennysheep_crisscross, hell_entry, uniq_vv
Hell
Coc:1:    nicolae_coc_caina, layout_cocytus_water_paths
Coc:2:    layout_ice_bergs, serial_ice, serial_ice_b, serial_ice_g,
          serial_ice_d, serial_ice_h
Coc:3:    layout_cocytus_water_paths
Coc:4:    layout_ice_bergs
Coc:5:    layout_cocytus_delve
Coc:6:    layout_ice_bergs
Coc:7:    coc_grunt
Zot:1:    layout_gridlike, regret_index_zotdec_stipple_waver, grunt_megastairs_4
Zot:2:    layout_concentric_octagons, regret_index_zotdec_iron_s, st_stairs_6,
          zot_minivault_1
Zot:3:    layout_onion, nicolae_transporter_intersection,
          regret_index_zotdec_twisting_globes
Zot:4:    layout_twisted_circle, nicolae_zig_zag_zippers
Zot:5:    layout_twisted_circle, uniq_tiamat

Skill      XL: |  1  2  3  4  5  6  7  8  9 10 11 12 13 14 15 16 17 18 19 20 21 22 23 24 25 26 27 |
---------------+----------------------------------------------------------------------------------+-----
Conjurations   | 2 3 4 16 | 16.5
Fighting       | 1 2 3 4 5 7 9 10 11 22 | 22.0
Air Magic      | 1 2 3 5 9 10 12 13 14 15 19 | 19.6
Alchemy        | 4 5 7 8 10 11 | 11.5
Stealth        | 3 5 19 | 19.6
Spellcasting   | 3 4 5 7 8 10 11 12 13 14 15 16 22 | 22.4
Translocations | 2 3 5 |  5.8
Fire Magic     | 3 7 8 10 12 13 14 15 20 | 20.3
Throwing       | 2 4 8 |  8.4
Evocations     | 2 3 4 5 7 8 10 11 12 13 15 17 | 17.7
Dodging        | 3 6 8 9 10 11 | 11.4
Shields        | 2 4 5 6 7 8 |  8.8
Shapeshifting  | 4 9 12 13 14 15 16 18 20 21 22 | 22.1
Unarmed Combat | 2 6 9 12 15 18 20 22 27 | 27.0
Necromancy     | 1 5 7 |  7.4
Earth Magic    | 4 |  4.8
Hexes          | 5 |  5.0

Action                     |  1- 3 |  4- 6 |  7- 9 | 10-12 | 13-15 | 16-18 | 19-21 | 22-24 | 25-27 || total
---------------------------+-------+-------+-------+-------+-------+-------+-------+-------+-------++-------
  Melee: Dagger            |     1 |    11 |       |       |       |       |       |       |       ||    12
         Constrict         |       |     2 |       |     1 |     3 |     1 |     3 |     3 |     5 ||    18
         Tentacles         |       |     1 |     2 |       |     2 |     1 |     5 |     4 |    11 ||    26
         Staff             |       |       |     4 |     2 |     7 |     1 |     9 |    23 |    29 ||    75
   Fire: Sling             |    31 |       |       |       |       |       |       |       |       ||    31
  Throw: Stone             |     2 |     4 |       |     3 |       |       |       |       |       ||     9
         Dart              |       |       |       |       |       |       |       |       |     4 ||     4
         Throwing net      |       |       |       |       |       |       |       |       |     4 ||     4
   Cast: Sting             |    53 |    65 |    50 |    28 |       |       |       |       |       ||   196
         Mephitic Cloud    |       |     2 |     7 |     3 |       |       |       |       |       ||    12
         Olgreb's Toxic Ra |       |    10 |    62 |   119 |   163 |    23 |       |       |       ||   377
         Sticky Flame      |       |       |    16 |    39 |     8 |       |       |       |       ||    63
         Ignite Poison     |       |       |       |    45 |    99 |    15 |       |       |       ||   159
         Arcjolt           |       |       |       |    14 |       |     1 |     8 |       |       ||    23
         Plasma Beam       |       |       |       |       |   175 |   383 |   430 |   294 |   562 ||  1844
         Irradiate         |       |       |       |       |    19 |    39 |    68 |    44 |    62 ||   232
         Iskenderun's Myst |       |       |       |       |       |     3 |    27 |     5 |     3 ||    38
         Fireball          |       |       |       |       |       |    92 |    13 |     7 |     2 ||   114
         Ignition          |       |       |       |       |       |       |     1 |    54 |   145 ||   200
         Apportation       |       |       |       |       |       |       |     1 |       |     3 ||     4
         Dispel Undead     |       |       |       |       |       |       |       |       |    50 ||    50
         Chain Lightning   |       |       |       |       |       |       |       |       |   474 ||   474
         Fulsome Fusillade |       |       |       |       |       |       |       |       |    32 ||    32
         Orb of Destructio |       |       |       |       |       |       |       |       |     6 ||     6
         Passwall          |       |       |       |       |       |       |       |       |     4 ||     4
         Blink             |       |       |       |       |       |       |       |       |     3 ||     3
 Invoke: Curse Item        |       |       |       |     5 |     4 |     5 |     4 |     1 |     7 ||    26
         Shatter the Chain |       |       |       |       |     1 |     2 |     4 |     1 |     6 ||    14
  Evoke: Wand              |       |       |       |     4 |     6 |    10 |     8 |     4 |    21 ||    53
         Gell's gravitambo |       |       |       |       |       |     7 |     7 |     6 |    12 ||    32
         Condenser vane    |       |       |       |       |       |     1 |     1 |     3 |     3 ||     8
         Lightning rod     |       |       |       |       |       |       |       |    20 |    18 ||    38
         Horn of Geryon    |       |       |       |       |       |       |       |       |     2 ||     2
         Sack of spiders   |       |       |       |       |       |       |       |       |     1 ||     1
         Phantom mirror    |       |       |       |       |       |       |       |       |     1 ||     1
    Use: Scroll            |       |    10 |     4 |     5 |     2 |     6 |     6 |    14 |    31 ||    78
         Potion            |       |       |       |     1 |       |     5 |       |    20 |    34 ||    60
   Stab: Sleeping          |       |     2 |       |       |       |       |       |       |       ||     2
 Armour: Skin              |     8 |    14 |    29 |    61 |    32 |    69 |   280 |   271 |   877 ||  1641
  Dodge: Dodged            |     8 |    20 |    32 |    55 |    60 |    71 |   273 |   393 |   768 ||  1680
  Block: Buckler           |       |       |       |       |     7 |    25 |   125 |   151 |   346 ||   654
   Form: Statue            |       |       |       |       |       |     1 |     1 |       |       ||     2
                           |       |       |       |       |       |     1 |       |       |       ||     1

Table legend: (Time is in decaauts)
 A = Elapsed time spent in this place.
 B = Non-inter-level travel time spent in this place.
 C = Inter-level travel time spent in this place.
 D = Time resting spent in this place.
 E = Time spent auto-exploring this place.
 F = Levels seen in this place.
 G = Mean time per level.
                   A        B        C        D        E       F      G
               +--------+--------+--------+--------+--------+-----+--------+
         Total | 114134 | 103414 |  10720 |  22179 |  63480 |  99 | 1152.9 |
       Dungeon |  23096 |  19996 |   3100 |   2782 |  14526 |  15 | 1539.7 |
        Temple |     45 |      7 |     38 |      0 |      0 |   1 |   45.0 |
          Lair |  10749 |   9464 |   1285 |   2176 |   6161 |   5 | 2149.8 |
         Swamp |   5108 |   4733 |    375 |   1343 |   2763 |   4 | 1277.0 |
   Spider Nest |   9548 |   8627 |    921 |   3832 |   3981 |   4 | 2387.0 |
    Slime Pits |   6486 |   6181 |    305 |   3347 |   2307 |   5 | 1297.2 |
  Orcish Mines |   3817 |   3372 |    445 |    260 |   2638 |   2 | 1908.5 |
   Elven Halls |   7058 |   6452 |    606 |    910 |   4102 |   3 | 2352.7 |
        Vaults |  12032 |  11234 |    798 |   1120 |   7879 |   5 | 2406.4 |
         Crypt |   5991 |   5363 |    628 |    625 |   3573 |   3 | 1997.0 |
          Tomb |   2053 |   1876 |    177 |    570 |    801 |   1 | 2053.0 |
        Depths |   6379 |   5563 |    816 |    800 |   3746 |   4 | 1594.8 |
          Hell |    979 |    921 |     58 |      0 |    700 |   1 |  979.0 |
       Cocytus |   5569 |   5354 |    215 |   1693 |   2277 |   7 |  795.6 |
           Zot |   9627 |   8679 |    948 |   1540 |   5670 |   5 | 1925.4 |
         Abyss |    315 |    315 |      0 |      0 |      0 |   5 |   63.0 |
      Ziggurat |   4391 |   4391 |      0 |    938 |   2000 |  27 |  162.6 |
         Sewer |    247 |    247 |      0 |      0 |    180 |   1 |  247.0 |
        Wizlab |    635 |    635 |      0 |    238 |    174 |   1 |  635.0 |
               +--------+--------+--------+--------+--------+-----+--------+

Top non-repeatable levels by time:
 Slime:5: 4177 daAuts
 Crypt:3: 3203 daAuts
  Lair:2: 3025 daAuts
Spider:3: 2969 daAuts
   Zot:5: 2869 daAuts
Vaults:5: 2812 daAuts
   Elf:2: 2807 daAuts
  Lair:5: 2592 daAuts
   Orc:2: 2587 daAuts
Vaults:1: 2569 daAuts
     D:9: 2556 daAuts
Spider:2: 2529 daAuts
   Coc:7: 2507 daAuts
Vaults:4: 2463 daAuts
Spider:1: 2298 daAuts
